 Dungeon Crawl Stone Soup version 0.30.0-29-ga12c61a403 (webtiles) character file.

Game seed: 17678653072047383281

608288 Jannitor the Imperceptible (level 27, -13/177 (192) HPs)
             Began as a Kobold Enchanter on June 7, 2023.
             Was a Favourite Plaything of Xom.
             Killed from afar by a hell knight (22 damage)
             ... with a bolt of fire
             ... in the Vestibule of Hell on June 9, 2023.
             The game lasted 04:08:27 (70141 turns).

Jannitor the Imperceptible (Kobold Enchanter)      Turns: 70141, Time: 04:08:27

HP:   -13/177 (192) AC: 19    Str:  7    XL:     27
MP:   53/53         EV: 25    Int: 37    God:    Xom [*.....]
Gold: 4194          SH: 11    Dex: 23    Spells: 14/60 levels left

rFire   . . .        q - +8 Vampire's Tooth {megavamp}
rCold   . . .        b - +3 buckler {reflect}
rNeg    + + +        g - +0 ring mail "Hutupn" {rPois rN++ rCorr Stlth-}
rPois   +            (helmet restricted)
rElec   .            V - scarf {+Inv}
rCorr   +            E - +3 pair of gauntlets of War {Slay+5}
SInv    .            f - +2 pair of boots of the Lily {Str+3 Slay+5}
Will    ++++.        F - amulet of Vitality {RegenMP++ Regen++}
Stlth   ++++++++     B - ring "Coalofoch" {+Blink Fly rN+ MP+9 Slay+3}
HPRegen 2.09/turn    w - ring of the Barnacle {rPois Will+ Int+5}
MPRegen 1.13/turn

%: reflection
@: lethally poisoned (-13 -> -14), flying, slightly contaminated, hasted and
slowed, studying Fighting, drained
A: small, no large weapons, nightstalker 3, antennae 2, iridescent scales 2,
agile 2, clever 2, strong-willed 1, mutation resistance 1, robust 1, shaggy fur
1, wild magic 3
}: 5/15 runes: barnacled, slimy, silver, abyssal, gossamer
a: Renounce Religion, Evoke Blink, Evoke Invisibility


You were in the Vestibule of Hell.
You worshipped Xom.
You were a special plaything of Xom.
You visited 12 branches of the dungeon, and saw 52 of its levels.
You visited the Abyss 1 time.
You also visited: Gauntlet, Ice Cave and Wizlab.

You collected 7396 gold pieces.
You spent 3202 gold pieces at shops.

Inventory:

Hand Weapons
 q - the +8 Vampire's Tooth (weapon) {megavamp}
   (You found it on level 3 of the Crypt)
Missiles
 m - 8 atropa-tipped darts (quivered)
 G - 8 datura-tipped darts
 X - 5 curare-tipped darts
Armour
 b - a +3 buckler of reflection (worn)
 d - the crystal ball of Wucad Mu {*channel}
   (You found it in a wizard's laboratory)

   *Channel:  It often returns the magic spent to cast spells, but lowers their
   success rate.
   It always returns the magic spent on miscasts.
 f - the +2 pair of boots of the Lily (worn) {Str+3 Slay+5}
   (You bought it in a shop on level 2 of the Orcish Mines)

   Str:       It affects your strength (+3).
   Slay:      It affects your accuracy & damage with ranged weapons and melee
   (+5).
 g - the +0 ring mail "Hutupn" (worn) {rPois rN++ rCorr Stlth-}
   (You found it on level 1 of the Depths)

   rPois:     It protects you from poison.
   rN:        It greatly protects you from negative energy.
   rCorr:     It protects you from acid and corrosion.
   Stlth:     It makes you less stealthy.
 z - the +2 hat of the Bear Spirit {Spirit, Bear, *Rage Will++}
   (You found it on level 13 of the Dungeon)

   Bear:      Going berserk makes the wearer exceptionally tough, and they are
   slowed for a shorter time afterward.
   *Rage:     It berserks you when you make melee attacks (+20% chance).
   Will:      It greatly increases your willpower.
 E - the +3 pair of gauntlets of War (worn) {Slay+5}
   (You found it in a Gauntlet)

   Slay:      It affects your accuracy & damage with ranged weapons and melee
   (+5).
 V - a scarf of invisibility (worn)
Jewellery
 w - the ring of the Barnacle (right hand) {rPois Will+ Int+5}
   (You bought it in a shop on level 2 of the Orcish Mines)

   [ring of willpower]

   Int:       It affects your intelligence (+5).
   rPois:     It protects you from poison.
   Will:      It increases your willpower.
 B - the ring "Coalofoch" (left hand) {+Blink Fly rN+ MP+9 Slay+3}
   (You bought it in a shop on level 4 of the Shoals)

   [ring of magical power]

   Slay:      It affects your accuracy & damage with ranged weapons and melee
   (+3).
   rN:        It protects you from negative energy.
   MP:        It affects your magic capacity (+9).
   Fly:       It grants you flight.
   +Blink:    It lets you blink.
 F - the amulet of Vitality (around neck) {RegenMP++ Regen++}
   (You took it off a deep elf master archer on level 3 of the Elven Halls)

   [amulet of magic regeneration]

   It increases your rate of magic regeneration.
   Regen:     It increases your rate of health regeneration.
 I - a ring of flight
 L - the ring "Weptif" {Ice rPois rCorr Str+4 Stlth-}
   (You found it in a Gauntlet)

   [ring of ice]

   It enhances your ice magic.
   Str:       It affects your strength (+4).
   rF:        It makes you vulnerable to fire.
   rC:        It protects you from cold.
   rPois:     It protects you from poison.
   rCorr:     It protects you from acid and corrosion.
   Stlth:     It makes you less stealthy.
Wands
 A - a wand of roots (38)
 C - a wand of paralysis (58)
 N - a wand of light (35)
 R - a wand of flame (92)
 T - a wand of digging (5)
 Y - a wand of mindburst (34)
Scrolls
 h - 9 scrolls of fear
 j - 4 scrolls of brand weapon
 o - 9 scrolls of immolation
 t - 18 scrolls of magic mapping
 u - 14 scrolls of teleportation
 v - 8 scrolls of poison
 x - 8 scrolls of vulnerability
 y - 4 scrolls of silence
 D - a scroll of butterflies
 O - 30 scrolls of identify
 Q - 8 scrolls of fog
 U - 5 scrolls of enchant armour
Potions
 a - 10 potions of brilliance
 c - 2 potions of invisibility
 e - 2 potions of haste
 k - 10 potions of curing
 l - 5 potions of attraction
 n - 12 potions of heal wounds
 p - 10 potions of might
 r - 3 potions of berserk rage
 s - 13 potions of ambrosia
 J - 10 potions of mutation
 K - 6 potions of cancellation
 P - 9 potions of lignification
 Z - 7 potions of magic
Miscellaneous
 H - a phantom mirror
 M - a tin of tremorstones (2/2)
 S - the horn of Geryon
 W - a box of beasts


   Skills:
 - Level 18.5 Fighting
 - Level 14.0 Short Blades
 - Level 7.9 Throwing
 - Level 8.8 Armour
 - Level 20.0 Dodging
 - Level 23.4 Stealth
 + Level 9.7 Shields
 - Level 17.1 Spellcasting
 - Level 17.3 Hexes
 + Level 13.2 Necromancy
 + Level 15.3 Transmutations
 - Level 4.8 Air Magic
 - Level 4.7 Earth Magic
 - Level 13.8 Evocations


You had 14 spell levels left.
You knew the following spells:

 Your Spells              Type           Power      Damage    Failure   Level
a - Ensorcelled Hibernat  Hex/Ice        100%       N/A       3%          2
b - Confusing Touch       Hex            100%       N/A       1%          3
c - Tukima's Dance        Hex            100%       N/A       1%          3
d - Dazzling Flash        Conj/Hex       100%       N/A       4%          3
e - Yara's Violent Unrav  Hex/Tmut       69%        3d26      2%          5
f - Silence               Hex/Air        60%        N/A       7%          5
g - Petrify               Tmut/Erth      100%       N/A       5%          4
h - Enfeeble              Hex            70%        N/A       12%         7
i - Necromutation         Tmut/Necr      65%        N/A       82%         8
j - Apportation           Tloc           100%       N/A       16%         1
k - Irradiate             Conj/Tmut      53%        3d29      17%         5

Your spell library contained the following spells:

 Spells                   Type           Power      Damage    Failure   Level
 Necrotise                Necr           100%       1d9       1%          1
 Sublimation of Blood     Necr           100%       N/A       1%          2
 Wereblood                Tmut           100%       N/A       1%          2
 Vampiric Draining        Necr           100%       2d13      1%          3
 Anguish                  Hex/Necr       67%        N/A       1%          4
 Cause Fear               Hex            70%        N/A       1%          4
 Sting                    Tmut/Pois      100%       1d8       3%          1
 Animate Dead             Necr           100%       N/A       3%          4
 Dispel Undead            Necr           100%       3d31      3%          4
 Cigotuvi's Dreadful Rot  Necr/Pois/Air  100%       N/A       4%          2
 Inner Flame              Hex/Fire       100%       N/A       4%          3
 Spider Form              Tmut/Pois      100%       N/A       4%          3
 Summon Guardian Golem    Hex/Summ       100%       N/A       4%          3
 Leda's Liquefaction      Hex/Erth       60%        N/A       4%          4
 Fulminant Prism          Conj/Hex       55%        3d24      7%          4
 Ignite Poison            Fire/Tmut/Pois 93%        N/A       9%          3
 Ice Form                 Ice/Tmut       100%       N/A       9%          4
 Poisonous Vapours        Pois/Air       100%       N/A       11%         2
 Static Discharge         Conj/Air       100%       2-7/arc   11%         2
 Borgnjor's Vile Clutch   Necr/Erth      56%        N/A       12%         5
 Death Channel            Necr           64%        N/A       12%         6
 Metabolic Englaciation   Hex/Ice        55%        N/A       13%         5
 Freeze                   Ice            100%       1d10      16%         1
 Magic Dart               Conj           100%       1d8       16%         1
 Summon Small Mammal      Summ           100%       N/A       16%         1
 Vhi's Electric Charge    Tloc/Air       100%       N/A       16%         3
 Stone Arrow              Conj/Erth      100%       3d13      17%         3
 Alistair's Intoxication  Tmut/Pois      70%        N/A       17%         5
 Airstrike                Air            45%        2d(7-23)  19%         4
 Call Imp                 Summ           100%       N/A       21%         2
 Searing Ray              Conj           100%       2d8       21%         2
 Mephitic Cloud           Conj/Pois/Air  70%        N/A       21%         3
 Dragon Form              Tmut           67%        N/A       21%         7
 Statue Form              Tmut/Erth      77%        N/A       28%         6
 Gell's Gravitas          Tloc           57%        N/A       32%         3
 Hailstorm                Conj/Ice       57%        3d12      32%         3
 Ozocubu's Armour         Ice            57%        N/A       32%         3
 Teleport Other           Tloc           57%        N/A       32%         3
 Volatile Blastmotes      Fire/Tloc      100%       2d18      32%         3
 Summon Lightning Spire   Summ/Air       76%        N/A       36%         4
 Animate Armour           Summ/Erth      100%       N/A       38%         4
 Lee's Rapid Deconstruct  Erth           45%        3d22*     38%         5
 Eringya's Noxious Bog    Tmut/Pois      53%        N/A       52%         6
 Flame Wave               Conj/Fire      57%        2d14      63%         4
 Iskenderun's Mystic Bla  Conj/Tloc      57%        2d12      63%         4
 Manifold Assault         Tloc           57%        N/A       63%         4
 Passage of Golubria      Tloc           57%        N/A       63%         4
 Sticky Flame             Conj/Fire      57%        2d7       63%         4
 Arcjolt                  Conj/Air       38%        1d48      65%         5
 Storm Form               Tmut/Air       58%        N/A       73%         7
 Freezing Cloud           Conj/Ice/Air   35%        6-21      75%         5
 Fireball                 Conj/Fire      28%        3d12      90%         5
 Iskenderun's Battlesphe  Conj           57%        2d11      90%         5
 Conjure Ball Lightning   Conj/Air       38%        3x3d12    98%         6
 Plasma Beam              Fire/Air       38%        2x1d56    98%         6
 Haunt                    Necr/Summ      50%        N/A       98%         7
 Iron Shot                Conj/Erth      38%        9d8       99%         6
 Dispersal                Tloc           28%        N/A       100%        6
 Starburst                Conj/Fire      28%        6d9       100%        6
 Malign Gateway           Summ/Tloc      28%        N/A       100%        7
 Orb of Destruction       Conj           28%        9d9       100%        7
 Ozocubu's Refrigeration  Ice            28%        4d13      100%        7
 Summon Hydra             Summ           28%        N/A       100%        7
 Disjunction              Tloc           28%        N/A       100%        8
 Ignition                 Fire           28%        3d9       100%        8
 Lehudib's Crystal Spear  Conj/Erth      38%        10d9      100%        8
 Maxwell's Capacitive Co  Air            45%        ∞         100%        8
 Dragon's Call            Summ           28%        N/A       100%        9


Dungeon Overview and Level Annotations

Branches:
Dungeon (15/15)            Temple (0/1) D:4            Lair (5/5) D:9
 Shoals (4/4) Lair:2       Spider (4/4) Lair:2        Slime (5/5) Lair:4
    Orc (2/2) D:10            Elf (3/3) Orc:2        Vaults (5/5) D:14
  Crypt (3/3) Vaults:3       Tomb (0/3) Crypt:3      Depths (4/4) D:15
   Hell (1/1)                 Zot (1/5) Depths:4      IceCv (visited)
 WizLab (visited)         Gauntlet (visited)
    Dis: Hell:1         Geh: Hell:1         Coc: Hell:1         Tar: Hell:1

Altars:
Ashenzari
Cheibriados
Dithmenos
Elyvilon
Hepliaklqana
Kikubaaqudgha
Qazlal
Ru
Sif Muna
Uskayaw
Vehumet
Wu Jian
Xom
Yredelemnul
Zin
The Shining One
Jiyva

Shops:
D:2 :!*!(   D:3 (   D:9 *   Orc:2 [!*(:   Shoals:4 ==   Vaults:4 [
Depths:4 ?([

Portals:
Hell: Depths:1 Depths:2 Depths:3 Depths:4
Abyss: Depths:3
Pandemonium: Depths:1 Depths:2
Ziggurat: Depths:3

Annotations:
D:3 Sigmund
D:9 Erolcha
D:15 2 transporters
Lair:2 exclusion: lava snake
Spider:2 1 runed translucent door, dertzug's ghost, adept MfBe
Crypt:2 2 transporters, Hynnuzim's ghost, veteran CeHu


Innate Abilities, Weirdness & Mutations

You are small and have problems with some larger weapons.
You are completely attuned to the shadows.
You have a pair of antennae on your head.
You are mostly covered in iridescent scales. (AC +4)
You are very agile. (Dex +8, Str/Int -2)
Your mind is very acute. (Int +8, Str/Dex -2)
You are strong-willed. (Will+)
You are somewhat resistant to further mutation.
You are robust. (+10% HP)
You are covered in fur. (AC +1)
Your spells are much harder to cast, but much more powerful.


Message History

The hell knight burns you. You block the necromancer's attack.
The hell knight mumbles some strange prayers to its god against you.
The bolt of fire hits you!!
* * * LOW HITPOINT WARNING * * *
Xom roars with laughter!
The bolt of fire hits the white imp!!!
The white imp is burned terribly!
The white imp dies!
The white imp disappears in a puff of smoke!
The hell knight mumbles some strange prayers to its god against you.
The bolt of fire hits you!!
* * * LOW HITPOINT WARNING * * *
Xom roars with laughter!
You hear a deafening roar!
You hear a screech!
Unknown command.
Unknown command.
You feel much better. The hell knight barely misses you.
A Tzitzimitl comes into view.
The hell knight hits you with a +3 glaive!
* * * LOW HITPOINT WARNING * * *
You block the necromancer's attack. The rust devil barely misses you.
The hell knight hits you with a +2 battleaxe of flaming!
* * * LOW HITPOINT WARNING * * *
The hell knight burns you.
* * * LOW HITPOINT WARNING * * *
Unknown command.
You feel much better. The Tzitzimitl gestures at you.
The bolt of negative energy hits the freezing wraith.
The freezing wraith completely resists.
The bolt of negative energy misses the rust devil.
The bolt of negative energy misses you.
The white imp hits the reaper but does no damage.
The reaper hits you from afar with a +3 scythe of venom!!
* * * LOW HITPOINT WARNING * * *
You are poisoned.
The rust devil completely misses you. You block the necromancer's attack.
The hell knight calls down the wrath of its god upon you.
The bolt of fire hits you!!
You die...
Xom laughs nastily!

.. .##.#.5...#
.. ....##.{.##.
.. .....##.##..
.. .............
......1....5...
...2....Z......
........W5p....
........24D§...
....[...32@....
........#pp....
...........p....
................
......#.#.#.....
.....###......
..# ##..#.
....###......
...#.#.#.....


You could see a bone dragon, a Tzitzimitl, a reaper, a blizzard demon, 3 hell
knights, a sun demon, a rust devil, a freezing wraith, a necromancer, a crimson
imp (summoned), a white imp (summoned, confused) and a vault warden simulacrum.

Vanquished Creatures
  Dissolution (Slime:3)
  the Royal Jelly (Slime:5)
  3 dread liches (Crypt:3)
  Mennas (Vaults:4)
  Sojobo (Depths:1)
  Parghit (Depths:3)
  Boris (twice) (Vaults:3 Crypt:1)
  Frederick (Vaults:2)
  2 curse toes (Crypt:3)
  Geryon (Hell)
  A caustic shrike (Depths:2)
  Nikola (Vaults:3)
  Xtahua (Vaults:3)
  5 golden dragons
  A profane servitor (Abyss:4)
  2 bone dragons (Depths:4)
  An electric golem (Zot:1)
  A doom hound (Hell)
  4 liches
  6 tentacled monstrosities
  2 deep elf blademasters
  A titan (Vaults:5)
  23 acid blobs
  4 deep elf master archers (Elf:3)
  5 quicksilver dragons
  A tentacled starspawn (Abyss:4)
  An Executioner (Abyss:4)
  2 death cobs (Zot:1)
  6 sphinxes
  7 shadow dragons
  3 krakens
  Polyphemus (Shoals:4)
  5 ancient champions
  Frances (D:13)
  2 storm dragons
  8 tengu reavers
  2 draconian monks
  4 revenants
  A fenstrider witch (Zot:1)
  17 azure jellies
  4 fire giants
  16 rockslimes
  2 draconian scorchers (Zot:1)
  8 ghost moths
  6 deep elf sorcerers
  5 frost giants
  An emperor scorpion (Spider:1)
  Louise (Depths:3)
  A balrug (Depths:3)
  12 vault wardens
  A draconian shifter (Zot:1)
  2 iron dragons (Vaults:5)
  Aizul (Shoals:4)
  9 quicksilver oozes
  3 draconian annihilators
  12 ironbound preservers
  A reaper (Crypt:1)
  3 caustic shrike zombies (Depths:3)
  2 orc warlords
  A curse skull (Crypt:3)
  44 very ugly things
  8 ghouls (Crypt:3)
  5 deep elf elementalists (Elf:3)
  12 stone giants
  3 war gargoyles (Vaults:5)
  6 deep elf demonologists
  3 ironbound thunderhulks
  4 green draconians (Zot:1)
  5 deep elf annihilators
  5 vampire knights
  4 dire elephants (Vaults:4)
  2 red draconians
  6 black draconians
  5 minotaurs
  20 spark wasps
  2 yellow draconians (Zot:1)
  12 deep elf death magi
  4 white draconians
  2 purple draconians (Zot:1)
  2 quicksilver dragon zombies
  An orange crystal statue (WizLab)
  6 eidola
  4 merfolk javelineers
  Snorg (D:11)
  7 ettins
  A crystal guardian (Vaults:2)
  Josephine (D:11)
  8 merfolk impalers
  8 fire dragons
  A mummy priest (Crypt:3)
  19 jiangshi
  4 spriggan zombies
  11 yaktaur captains
  10 great orbs of eyes
  3 ice dragons
  6 deep elf high priests
  A rakshasa (Depths:2)
  3 entropy weavers
  3 peacekeepers
  6 catoblepae
  7 ironbound frosthearts
  29 vault guards
  2 hydras
  2 radroaches
  A spriggan air mage (Depths:4)
  4 ogre magi
  2 alligator snapping turtles (Shoals:3)
  6 boulder beetles
  11 centaur warriors
  4 merfolk aquamancers
  2 death knights
  2 merfolk avatars
  8 two-headed ogres
  An Orb Guardian skeleton (Crypt:1)
  A satyr (Shoals:3)
  6 deep troll shamans
  6 tengu warriors
  3 deep troll earth magi
  A titan zombie (Depths:3)
  A hell hog (D:14)
  Urug (D:10)
  4 spriggan berserkers
  14 death yaks
  12 vampire magi
  2 soul eaters
  11 hell knights
  2 sun demons
  3 skysharks
  5 iron trolls
  17 skeletal warriors
  A storm dragon zombie (Depths:3)
  5 pharaoh ants
  18 deep elf knights
  A sixfirhy (Abyss:4)
  3 wretched stars (Abyss:4)
  13 sea snakes
  An obsidian statue (IceCv)
  A sun moth (Spider:2)
  A spark wasp zombie (Depths:3)
  4 golden dragon zombies
  6 glowing orange brains
  2 flayed ghosts
  13 orb spiders
  A fenstrider witch simulacrum (Crypt:2)
  2 swamp dragons (shapeshifter)
  A kraken simulacrum (Shoals:4)
  3 bog bodies
  26 deep trolls
  2 starcursed masses (Abyss:4)
  5 lindwurms
  A bunyip skeleton (Crypt:2)
  2 spriggan simulacra (IceCv)
  A shadow dragon zombie (Depths:3)
  Pikel (D:7)
  A golden dragon skeleton (Crypt:2)
  2 sphinx zombies
  29 deep elf zephyrmancers
  8 wizards
  13 phantasmal warriors
  39 deep elf pyromancers
  2 tengu zombies (Depths:3)
  A harpy (shapeshifter) (Lair:5)
  16 harpies
  19 wolf spiders
  41 ugly things
  18 deep elf archers
  3 orc knights
  5 steelbarb worms
  10 ironbound convokers
  10 necromancers
  A mana viper (Slime:1)
  A will-o-the-wisp (Abyss:4)
  8 cyclopes
  7 shining eyes
  5 fauns (Shoals:3)
  6 orc sorcerers
  2 salamanders
  2 fire giant zombies (Depths:3)
  12 manticores
  2 frost giant zombies (Depths:3)
  An ugly thing (shapeshifter) (D:13)
  A worldbinder (Abyss:4)
  An iron dragon zombie (Depths:3)
  A guardian serpent (shapeshifter) (Elf:3)
  10 moths of wrath
  A frost giant skeleton (Depths:2)
  7 merfolk sirens
  3 demonic crawlers
  A guardian serpent (Orc:2)
  8 elephants
  A stone giant skeleton (Vaults:4)
  A human skeleton (Vaults:4)
  Maurice (D:9)
  8 black mambas
  3 eyes of devastation
  3 smoke demons
  A naga mage (Abyss:4)
  16 vault sentinels
  A gargoyle (D:13)
  An unseen horror (D:12)
  9 water nymphs
  An alligator snapping turtle zombie (Crypt:2)
  4 cane toads
  A centaur skeleton (Crypt:3)
  A hellion (Abyss:4)
  2 rime drakes (Lair:5)
  8 torpor snails
  5 yaktaurs
  3 orange demons
  21 freezing wraiths
  A grey draconian zombie (Crypt:3)
  9 komodo dragons
  5 anaconda simulacra (IceCv)
  3 ice devils
  An iron troll skeleton (Crypt:2)
  A yellow draconian skeleton (Crypt:2)
  6 guardian mummies (Crypt:3)
  An ancient zyme (Abyss:4)
  3 tengu conjurers
  An unseen horror skeleton (Crypt:3)
  A golden dragon simulacrum (IceCv)
  A harpy zombie (Crypt:2)
  5 trolls
  A white draconian skeleton (Crypt:3)
  A queen bee (Abyss:4)
  17 tarantellas
  2 polar bears
  32 merfolk
  8 meliai
  6 hornets
  A mana viper skeleton (Crypt:1)
  3 raiju (Abyss:4)
  17 blink frogs
  12 dream sheep
  A hydra skeleton (Crypt:1)
  4 wind drakes
  9 snapping turtles
  A dream sheep (shapeshifter) (Crypt:3)
  17 jumping spiders
  98 slime creatures
  2 stone giant simulacra
  A centaur simulacrum (Crypt:2)
  A shapeshifter (Elf:1)
  An ettin skeleton (Crypt:1)
  8 flying skulls
  4 wyverns
  A ynoxinul (Abyss:4)
  A vampire (D:14)
  13 culicivoras
  10 large abominations
  An alligator skeleton (Crypt:3)
  A spriggan (Lair:4)
  4 air elementals
  2 fire dragon skeletons
  16 water elementals
  A wind drake zombie (Crypt:1)
  3 dire elephant simulacra (IceCv)
  29 dancing weapons
  3 fire bats (Abyss:4)
  13 wraiths
  3 fire elementals
  4 golden eyes
  49 yaks
  Grum (D:8)
  6 basilisks
  A neqoxec (Abyss:4)
  2 steam dragons
  A minotaur simulacrum (IceCv)
  5 vampire mosquitoes
  35 redbacks
  A swamp worm (Slime:3)
  2 nagas
  6 wargs
  5 harpy simulacra (IceCv)
  An acid dragon (D:12)
  4 glowing shapeshifter zombies (Depths:3)
  2 hydra simulacra (IceCv)
  An entropy weaver zombie (Vaults:4)
  6 floating eyes (Slime:1)
  13 water moccasins
  17 orc warriors
  A naga skeleton (Crypt:3)
  An ice beast (D:7)
  6 black bears
  An ice beast (shapeshifter) (Vaults:5)
  2 sky beasts
  An alligator simulacrum (IceCv)
  9 ogres
  3 ettin simulacra (IceCv)
  18 wolves
  16 centaurs
  A manticore skeleton (Crypt:3)
  2 phantoms
  2 elf zombies (Elf:1)
  A lemure (D:7)
  3 kobold brigands
  4 earth elementals
  A bullfrog (shapeshifter) (Vaults:5)
  12 bullfrogs
  A draconian zombie (Crypt:3)
  A necrophage (Crypt:3)
  A gnoll sergeant (D:6)
  A deep troll simulacrum (IceCv)
  A salamander skeleton (Crypt:1)
  3 scorpions
  A draconian skeleton (Crypt:2)
  7 wights
  4 lindwurm simulacra (IceCv)
  8 killer bees (D:10)
  A troll skeleton (Crypt:3)
  7 howler monkeys
  A lava snake (Lair:2)
  4 hounds (D:6)
  A sleepcap (D:7)
  17 orc priests
  Jessica (D:2)
  A gnoll bouda (D:6)
  4 iguanas
  41 orc wizards
  A statue (D:8)
  7 gnolls
  12 adders
  4 shadow imps (Gauntlet)
  4 white imps
  2 ufetubi
  An iguana skeleton (Crypt:2)
  4 worms
  3 dart slugs
  122 orcs
  9 endoplasms
  2 giant cockroaches
  8 goblins
  3 hobgoblins
  2 jackals (D:4)
  16 kobolds
  4 quokkas
  6 ball pythons
  2 bats (D:1)
  6 frilled lizards
  A goblin zombie (Crypt:1)
  A hobgoblin skeleton (Crypt:2)
  A jackal zombie (Crypt:1)
  A kobold zombie (Crypt:2)
  3 rats
  16 tentacles
2133 creatures vanquished.

Vanquished Creatures (collateral kills)
  An ancient lich (Crypt:3)
  Boris (Vaults:5)
  A deep elf blademaster (Elf:3)
  Ilsuiw (Shoals:3)
  A deep elf sorcerer (Elf:3)
  An ironbound preserver (Vaults:1)
  A deep elf demonologist (Elf:3)
  A vault guard (Vaults:1)
  A two-headed ogre (D:15)
  An ironbound convoker (Vaults:1)
  A manticore (Shoals:3)
  A faun (Shoals:3)
  A cane toad (Vaults:1)
  4 yaktaurs
  A slime creature (D:13)
  A wolf (D:8)
  A wight (D:9)
  An orc priest (D:9)
  2 orcs (D:9)
23 creatures vanquished.

Vanquished Creatures (others)
  A spriggan air mage (Depths:4)
  2 centaur warriors
  A storm dragon zombie (Depths:3)
  An orc knight (Vaults:1)
  3 deep elf zephyrmancers
  An ugly thing (D:14)
  2 blink frogs (Lair:4)
  A jumping spider (Lair:2)
  3 slime creatures (D:13)
  A water elemental (Depths:3)
  11 dancing weapons
  An orc warrior (D:15)
  An ogre (D:15)
  A killer bee (D:10)
  An iguana (D:6)
  2 orc wizards (Orc:2)
  2 ufetubi (D:6)
  2 orcs (Orc:2)
  2 foxfires (Abyss:4)
  A lurking horror (Abyss:4)
  16 tentacles
56 creatures vanquished.

Grand Total: 2212 creatures vanquished

Notes
Turn   | Place    | Note
-------+----------+-------------------------------------------
     0 | D:1      | Jannitor the Kobold Enchanter began the quest for the Orb.
     0 | D:1      | Reached XP level 1. HP: 10/10 MP: 3/3
   104 | D:1      | Reached XP level 2. HP: 13/16 MP: 5/5
   342 | D:1      | Reached XP level 3. HP: 20/20 MP: 6/6
   360 | D:1      | Learned a level 2 spell: Ensorcelled Hibernation
   364 | D:1      | Learned a level 3 spell: Confusing Touch
   560 | D:1      | Reached skill level 1 in Fighting
   728 | D:2      | Found Woughays's Antique Weapon Boutique.
   735 | D:2      | Found a shimmering altar of Xom.
   761 | D:2      | Became a worshipper of Xom of Chaos
   864 | D:2      | Reached XP level 4. HP: 25/25 MP: 7/7
  1078 | D:2      | Found Kyocs's Distillery.
  1084 | D:2      | Bought a potion of heal wounds for 70 gold pieces
  1101 | D:2      | Found Comuomumi's Book Shop.
  1233 | D:2      | XOM: silly message
  1274 | D:2      | Found Jegut's Distillery.
  1417 | D:2      | Noticed Jessica
  1428 | D:2      | Killed Jessica
  1429 | D:2      | Reached XP level 5. HP: 24/29 MP: 6/9
  1511 | D:2      | Found Sada's General Store.
  1520 | D:2      | Found a faded altar of an unknown god.
  1844 | D:3      | Found Gajok's Weapon Boutique.
  2032 | D:3      | XOM: scenery: summon butterflies
  2059 | D:3      | XOM: destruction
  2361 | D:3      | XOM: give mutation
  2361 | D:3      | Gained mutation: Your spells are a little harder to cast,
                  | but a little more powerful. [Xom's grace]
  2521 | D:3      | Found a hazy altar of Hepliaklqana.
  2522 | D:3      | XOM: cloud trail
  2535 | D:3      | Noticed Sigmund
  2753 | D:3      | XOM: divination: detect items
  2911 | D:3      | XOM is BORED!
  3041 | D:4      | Reached skill level 5 in Stealth
  3041 | D:4      | Reached XP level 6. HP: 35/35 MP: 10/10
  3189 | D:4      | XOM: polymorph kobold -> dart slug
  3247 | D:4      | XOM: god gift: ring of fire
  3256 | D:4      | XOM: butterfly on damage
  3258 | D:5      | Entered Level 5 of the Dungeon
  3285 | D:5      | XOM: 1-stop teleportation journey
  3336 | D:5      | XOM: divination: magic mapping
  3469 | D:5      | XOM: divination: magic mapping
  3531 | D:4      | XOM: cast spell 'Summon Small Mammal'
  3532 | D:4      | XOM: butterfly on damage
  3590 | D:4      | Reached XP level 7. HP: 40/40 MP: 8/12
  3647 | D:4      | Found a staircase to the Ecumenical Temple.
  3655 | D:4      | XOM: silly message
  4100 | D:5      | Found a sacrificial altar of Ru.
  4100 | D:5      | XOM: 8-stop teleportation journey
  4101 | D:5      | XOM: silly message
  4105 | D:5      | XOM: divination: detect creatures
  4122 | D:6      | Noticed a steam dragon
  4130 | D:6      | XOM: divination: magic mapping
  4132 | D:6      | Reached skill level 6 in Stealth
  4132 | D:6      | XOM: chaos cloud
  4134 | D:6      | Paralysed by you for 2 turns
  4136 | D:6      | Killed a steam dragon
  4137 | D:6      | Reached XP level 8. HP: 24/46 MP: 13/13
  4288 | D:6      | Reached skill level 5 in Dodging
  4375 | D:6      | Reached skill level 5 in Short Blades
  4421 | D:6      | Reached skill level 5 in Hexes
  4428 | D:6      | Reached skill level 7 in Stealth
  4774 | D:6      | Reached XP level 9. HP: 41/52 MP: 8/16
  4837 | D:6      | XOM: noise
  5149 | D:6      | Found a shimmering blue altar of Sif Muna.
  5170 | D:6      | XOM: divination: magic mapping
  5325 | D:6      | XOM: silly message
  5427 | D:6      | Found a shimmering altar of Xom.
  5454 | D:6      | Reached skill level 1 in Throwing
  5469 | D:6      | Reached skill level 5 in Spellcasting
  5924 | D:5      | XOM: potion effect (magic)
  6151 | D:5      | Reached skill level 8 in Stealth
  6178 | D:5      | Reached skill level 5 in Fighting
  6273 | D:5      | Found a stormy altar of Qazlal.
  6557 | D:2      | Bought a potion of resistance for 100 gold pieces
  6557 | D:2      | Bought a potion of mutation for 80 gold pieces
  6557 | D:2      | Bought a potion of might for 40 gold pieces
  6557 | D:2      | Bought a potion of heal wounds for 50 gold pieces
  6557 | D:2      | Bought a potion of cancellation for 80 gold pieces
  6676 | D:6      | XOM: divination: detect creatures
  6732 | D:7      | Learned a level 3 spell: Tukima's Dance
  6736 | D:7      | Learned a level 3 spell: Dazzling Flash
  6742 | D:7      | Learned a level 5 spell: Yara's Violent Unravelling
  6763 | D:7      | XOM: silly message
  6782 | D:7      | XOM: cloud trail
  6942 | D:7      | Found an ancient bone altar of Kikubaaqudgha.
  7060 | D:7      | XOM: silly message
  7113 | D:7      | XOM: divination: detect items
  7238 | D:7      | XOM: silly message
  7324 | D:7      | You fall into a shaft and drop 1 floor!
  7376 | D:8      | Noticed Grum
  7394 | D:8      | Noticed a cyclops
  7496 | D:8      | Found a radiant altar of Vehumet.
  7526 | D:8      | XOM: potion effect (haste)
  7533 | D:8      | XOM: give mutations
  7533 | D:8      | Gained mutation: Your spells are harder to cast, but more
                  | powerful. [Xom's grace]
  7533 | D:8      | Gained mutation: Your natural rate of healing is unusually
                  | fast. [Xom's grace]
  7548 | D:8      | Reached XP level 10. HP: 59/59 MP: 15/18
  7583 | D:8      | XOM: scenery: summon butterflies
  7739 | D:8      | Reached skill level 9 in Stealth
  7827 | D:7      | XOM: scenery: create altars
  7944 | D:7      | XOM: scenery: create altars
  8088 | D:7      | Found a hide-covered altar of Uskayaw.
  8092 | D:7      | Found a glowing golden altar of the Shining One.
  8111 | D:7      | Found a shadowy altar of Dithmenos.
  8234 | D:7      | XOM: give mutations
  8234 | D:7      | Gained mutation: You are agile. (Dex +4, Str/Int -1) [Xom's
                  | grace]
  8234 | D:7      | Gained mutation: You are very agile. (Dex +8, Str/Int -2)
                  | [Xom's grace]
  8241 | D:7      | Noticed Pikel
  8242 | D:7      | XOM: cleaving
  8250 | D:7      | XOM: divination: magic mapping
  8261 | D:7      | Killed Pikel
  8297 | D:7      | XOM: divination: detect items
  8401 | D:7      | XOM: confuse monster(s)
  8785 | D:8      | XOM: god gift: scale mail {god gift}
  8791 | D:8      | XOM: noise
  8816 | D:8      | Killed Grum
  8821 | D:8      | XOM: summons 2 friendly demons
  9010 | D:8      | Found a runed translucent door.
  9026 | D:8      | XOM: stat loss: -1 Str (3/4)
  9083 | D:8      | XOM: enchant monster (good)
  9189 | D:8      | XOM: give mutations
  9189 | D:8      | Gained mutation: You are somewhat resistant to further
                  | mutation. [Xom's grace]
  9189 | D:8      | Gained mutation: Your muscles are strong. (Str +4, Int/Dex
                  | -1) [Xom's grace]
  9214 | D:8      | XOM: 10-stop teleportation journey
  9284 | D:8      | XOM: potion effect (might)
  9304 | D:8      | Killed a cyclops
  9305 | D:8      | Reached XP level 11. HP: 66/66 MP: 14/20
  9319 | D:8      | XOM: god gift: chain mail {god gift}
  9639 | D:8      | XOM: silly message
  9703 | D:9      | XOM: silly message
  9727 | D:9      | Found Tetzaa Dyre's Assorted Antiques.
  9738 | D:9      | Bought a scroll labelled RUKISU FAUPEY for 35 gold pieces
  9738 | D:9      | Bought a scroll labelled KEX XEUXZIUMO for 35 gold pieces
  9746 | D:9      | Identified the +1 hand axe of the New World {protect, rN+
                  | Will- Dex+4}
  9917 | D:9      | XOM: polymorph orc warrior -> bullfrog
  9924 | D:9      | Reached skill level 10 in Stealth
  9985 | D:9      | XOM: scenery: 1 doors open
 10033 | D:9      | Found a staircase to the Lair.
 10094 | D:9      | Reached skill level 5 in Throwing
 10130 | D:9      | XOM: summons 2 friendly demons
 10133 | D:9      | XOM: cast spell 'Summon Mana Viper'
 10140 | D:9      | XOM: divination: magic mapping
 10153 | D:9      | Reached skill level 1 in Armour
 10178 | D:9      | Noticed Erolcha
 10214 | D:9      | Noticed Maurice
 10218 | D:9      | Killed Maurice
 10277 | D:9      | XOM: divination: detect creatures
 10361 | D:9      | XOM: silly message
 10437 | D:9      | Identified the orb of Distant Worlds {*Rage, *Slow Dex+4}
 10486 | D:9      | XOM: cast spell 'Call Canine Familiar'
 10487 | D:9      | XOM: summons 3 friendly demons
 10497 | D:9      | XOM: divination: detect items
 10499 | D:9      | XOM: divination: detect creatures
 10511 | D:9      | XOM: cast spell 'Dispersal'
 10556 | D:9      | XOM: confuse monster(s)
 10579 | D:9      | XOM: god gift: 6 stones
 10632 | D:10     | Entered Level 10 of the Dungeon
 10669 | D:10     | Noticed Urug
 10669 | D:10     | XOM: silly message
 10725 | D:10     | XOM: scenery: create altars
 10761 | D:10     | Killed Urug
 10779 | D:10     | XOM: enchant monster (bad)
 10783 | D:10     | XOM: cast spell 'Summon Small Mammal'
 10806 | D:10     | XOM: polymorph yak -> jumping spider
 10809 | D:10     | XOM: chaos cloud
 10823 | D:10     | XOM: give mutation
 10823 | D:10     | Lost mutation: Your spells are harder to cast, but more
                  | powerful. [Xom's mischief]
 10833 | D:10     | Reached XP level 12. HP: 67/72 MP: 16/22
 10976 | D:10     | XOM: chaos upgrade
 11006 | D:10     | XOM: noise
 11038 | D:10     | XOM: silly message
 11069 | D:10     | XOM: give mutations
 11069 | D:10     | Gained mutation: You expend magic power (3 MP) to
                  | strengthen your wands. [Xom's grace]
 11069 | D:10     | Gained mutation: You are somewhat resistant to both further
                  | mutation and mutation removal. [Xom's grace]
 11069 | D:10     | Lost mutation: You are somewhat resistant to both further
                  | mutation and mutation removal. [Xom's grace]
 11069 | D:10     | Lost mutation: You are somewhat resistant to further
                  | mutation. [Xom's grace]
 11069 | D:10     | Gained mutation: You have hidden genetic potential. [Xom's
                  | grace]
 11069 | D:10     | Gained mutation: You passively dampen the noise of your
                  | surroundings. [Xom's grace]
 11112 | D:10     | Reached skill level 11 in Stealth
 11171 | D:10     | XOM: 1-stop teleportation journey
 11180 | D:10     | XOM: confuse monster(s)
 11203 | D:10     | XOM: confuse monster(s)
 11204 | D:10     | XOM: divination: magic mapping
 11363 | D:9      | Found an ornate altar of the Wu Jian Council.
 11363 | D:9      | Found a white marble altar of Elyvilon.
 11411 | D:10     | XOM: enchant monster (bad)
 11444 | D:10     | XOM: 1-stop teleportation journey
 11472 | D:10     | XOM: blink monster(s)
 11568 | D:10     | XOM: give mutations
 11568 | D:10     | Lost mutation: You passively dampen the noise of your
                  | surroundings. [Xom's mischief]
 11568 | D:10     | Lost mutation: Your natural rate of healing is unusually
                  | fast. [Xom's mischief]
 11568 | D:10     | Gained mutation: Your muscles are very strong. (Str +8,
                  | Int/Dex -2) [Xom's mischief]
 11568 | D:10     | Gained mutation: You are vulnerable to cold. (rC-) [Xom's
                  | mischief]
 11588 | D:10     | Found a staircase to the Orcish Mines.
 11717 | D:10     | XOM: cloud trail
 11751 | D:10     | Found a glowing silver altar of Zin.
 11773 | D:10     | XOM: torment (38/73 hp)
 11807 | D:10     | Acquired a +7 rapier of venom
 11983 | Lair:1   | Entered Level 1 of the Lair of Beasts
 12083 | Lair:1   | XOM: divine lightning
 12606 | Lair:2   | Noticed a skyshark
 12618 | Lair:2   | Noticed a four-headed hydra
 12622 | Lair:2   | Killed a four-headed hydra
 12648 | Lair:2   | Noticed a death yak
 12649 | Lair:2   | Noticed a death yak
 12954 | Lair:2   | XOM: confuse monster(s)
 12981 | Lair:2   | XOM: divination: detect creatures
 13051 | Lair:2   | Reached skill level 10 in Short Blades
 13068 | Lair:2   | XOM: enchant monster (good)
 13271 | Lair:2   | XOM: god gift: 7 stones
 13351 | Lair:2   | XOM: summons 1 hostile demon
 13365 | Lair:2   | XOM: 4-stop teleportation journey
 13398 | Lair:2   | Found a hole to the Spider Nest.
 13596 | Lair:2   | XOM: enchant monster (bad)
 13790 | Lair:2   | XOM: enchant monster (bad)
 13796 | Lair:2   | XOM: confusion
 13798 | Lair:2   | XOM: silly message
 13800 | Lair:2   | XOM: summons 7 hostile demons
 13809 | Lair:2   | Reached XP level 13. HP: 75/79 MP: 25/25
 13809 | Lair:2   | Found a staircase to the Shoals.
 13853 | Lair:2   | Gained mutation: You are strong-willed. (Will+) [hidden
                  | potential]
 13992 | Lair:2   | XOM: noise
 14150 | Lair:2   | XOM: 2-stop teleportation journey
 14169 | Lair:2   | a death yak changed into a minotaur
 14169 | Lair:2   | Noticed a minotaur
 14169 | Lair:2   | XOM: polymorph death yak -> minotaur
 14221 | Lair:2   | Killed a minotaur
 14222 | Lair:2   | Reached skill level 12 in Stealth
 14349 | Lair:2   | a death yak changed into a frost giant
 14349 | Lair:2   | Noticed a frost giant
 14349 | Lair:2   | XOM: polymorph death yak -> frost giant
 14350 | Lair:2   | XOM: scenery: summon butterflies
 14351 | Lair:2   | XOM: butterfly on damage
 15030 | D:9      | XOM: silly message
 15177 | D:11     | Noticed Snorg
 15182 | D:11     | Killed Snorg
 15237 | D:11     | Reached skill level 10 in Dodging
 15377 | D:11     | XOM: draining
 15610 | D:11     | XOM: noise
 15828 | D:11     | XOM: summons 7 hostile demons
 16335 | D:12     | XOM: summons 1 hostile shadow creature
 16385 | D:12     | XOM: chaos cloud
 16396 | D:12     | XOM: summons 2 hostile shadow creatures
 16399 | D:12     | XOM: blink monster(s)
 16401 | D:12     | XOM: give mutations
 16401 | D:12     | Lost mutation: You are strong-willed. (Will+) [Xom's
                  | mischief]
 16401 | D:12     | Gained mutation: You have a pair of small horns on your
                  | head. [Xom's mischief]
 16500 | D:12     | XOM: confusion
 16509 | D:12     | XOM: enchant monster (bad)
 16579 | D:12     | XOM: give mutations
 16579 | D:12     | Gained mutation: Your flesh is heat resistant. (rF+) [Xom's
                  | grace]
 16579 | D:12     | Gained mutation: You are partially covered in large bone
                  | plates. (SH +4) [Xom's grace]
 16579 | D:12     | Gained mutation: You passively map a small area around you.
                  | [Xom's grace]
 16579 | D:12     | Gained mutation: You have a pair of horns on your head.
                  | [Xom's grace]
 16586 | D:12     | XOM: give mutations
 16586 | D:12     | Lost mutation: You are vulnerable to cold. (rC-) [Xom's
                  | mischief]
 16586 | D:12     | Lost mutation: Your spells are a little harder to cast, but
                  | a little more powerful. [Xom's mischief]
 16586 | D:12     | Lost mutation: You are partially covered in large bone
                  | plates. (SH +4) [Xom's mischief]
 16586 | D:12     | Lost mutation: You expend magic power (3 MP) to strengthen
                  | your wands. [Xom's mischief]
 16601 | D:12     | Identified the +0 scale mail "Udoboo" {+Inv rElec}
 16927 | D:13     | Noticed Frances
 16927 | D:13     | XOM: 1-stop teleportation journey
 16934 | D:13     | Killed Frances
 16946 | D:13     | Noticed a centaur warrior
 16947 | D:13     | Noticed a centaur warrior
 17114 | Lair:1   | XOM: enchant monster (bad)
 17115 | Lair:1   | XOM: give mutations
 17115 | Lair:1   | Gained mutation: You sometimes lose your temper in combat.
                  | [Xom's mischief]
 17115 | Lair:1   | Lost mutation: Your muscles are very strong. (Str +8,
                  | Int/Dex -2) [Xom's mischief]
 17115 | Lair:1   | Lost mutation: Your flesh is heat resistant. (rF+) [Xom's
                  | mischief]
 17115 | Lair:1   | Lost mutation: You are very agile. (Dex +8, Str/Int -2)
                  | [Xom's mischief]
 17120 | Lair:1   | XOM: polymorph death yak -> iron troll
 17131 | Lair:1   | XOM: give mutation
 17131 | Lair:1   | Gained mutation: You occasionally lose the ability to read
                  | scrolls when taking damage. [Xom's mischief]
 17136 | Lair:1   | XOM: god gift: book of the Sky
 17285 | Lair:1   | XOM: summons 7 hostile demons
 17351 | Lair:2   | XOM: fog
 17354 | Lair:2   | XOM: scenery: create altars
 17356 | Lair:2   | XOM: divine lightning
 17531 | Lair:2   | XOM: god gift: amulet of faith
 17564 | Lair:2   | XOM: god gift: metallic sapphire potion {god gift}
 17628 | Lair:3   | XOM: give mutations
 17628 | Lair:3   | Gained mutation: You expend magic power (3 MP) to
                  | strengthen your wands. [Xom's grace]
 17628 | Lair:3   | Gained mutation: Your system is resistant to poisons.
                  | (rPois) [Xom's grace]
 17628 | Lair:3   | Gained mutation: Your movements are slightly less
                  | encumbered by armour. (ER -2) [Xom's grace]
 17745 | Lair:3   | Identified the +2 long sword "Ahaill" {protect, Str+3}
 17919 | Lair:3   | Reached skill level 1 in Evocations
 17984 | Lair:3   | XOM: noise
 17988 | Lair:3   | XOM: 1-stop teleportation journey
 18444 | Lair:4   | Noticed a seven-headed hydra
 18445 | Lair:4   | XOM: blink monster(s)
 18448 | Lair:4   | XOM: 2-stop teleportation journey
 18451 | Lair:4   | Reached XP level 14. HP: 86/86 MP: 23/27
 18457 | Lair:4   | Reached skill level 13 in Stealth
 18465 | Lair:4   | Gained mutation: You are very agile. (Dex +8, Str/Int -2)
                  | [hidden potential]
 18465 | Lair:4   | Lost mutation: You have hidden genetic potential. [hidden
                  | potential expressed]
 18491 | Lair:4   | Found a viscous altar of Jiyva.
 18493 | Lair:4   | Found a staircase to the Slime Pits.
 18567 | Lair:4   | Learned a level 5 spell: Silence
 18649 | Lair:4   | XOM: divination: magic mapping
 18650 | Lair:4   | XOM: summons 8 friendly demons
 18659 | Lair:4   | XOM: summons 5 hostile demons
 18665 | Lair:4   | Reached skill level 5 in Armour
 18797 | Lair:4   | XOM: polymorph seven-headed hydra -> radroach
 18798 | Lair:4   | XOM: give mutations
 18798 | Lair:4   | Gained mutation: You are partially covered in large bone
                  | plates. (SH +4) [Xom's mischief]
 18798 | Lair:4   | Gained mutation: You are somewhat resistant to further
                  | mutation. [Xom's mischief]
 18807 | Lair:4   | XOM: enchant monster (bad)
 18815 | Lair:4   | XOM: noise
 19018 | Lair:4   | XOM: polymorph blink frog -> spriggan
 19024 | Lair:4   | XOM: confusion
 19030 | Lair:4   | XOM: divine lightning
 19082 | Lair:4   | Lost mutation: You are very agile. (Dex +8, Str/Int -2)
                  | [potion of mutation]
 19082 | Lair:4   | Lost mutation: You occasionally lose the ability to read
                  | scrolls when taking damage. [potion of mutation]
 19082 | Lair:4   | Gained mutation: Your spells are a little harder to cast,
                  | but a little more powerful. [potion of mutation]
 19352 | Lair:4   | XOM: noise
 19389 | Lair:4   | XOM: polymorph wolf -> naga
 19397 | Lair:4   | XOM: god gift: 3 scrolls of noise
 19559 | Lair:5   | Entered Level 5 of the Lair of Beasts
 19631 | Lair:5   | XOM: swap monsters
 19634 | Lair:5   | XOM: draining
 19637 | Lair:5   | XOM: summons 8 hostile demons
 19807 | Lair:5   | XOM: give mutations
 19807 | Lair:5   | Gained mutation: Your spells are harder to cast, but more
                  | powerful. [Xom's grace]
 19807 | Lair:5   | Gained mutation: You are robust. (+10% HP) [Xom's grace]
 19807 | Lair:5   | Gained mutation: You are resistant to electric shocks.
                  | (rElec) [Xom's grace]
 19807 | Lair:5   | Gained mutation: You are partially covered in iridescent
                  | scales. (AC +2) [Xom's grace]
 19862 | Lair:5   | Found a basalt altar of Yredelemnul.
 19898 | Lair:5   | XOM: cast spell 'Alistair's Intoxication'
 20050 | Lair:5   | XOM: confusion (+ monsters)
 20094 | Lair:5   | XOM: 2-stop teleportation journey
 20099 | Lair:5   | XOM: blink monster(s)
 20101 | Lair:5   | XOM: enchant monster (bad)
 20282 | Lair:5   | XOM: polymorph death yak -> shapeshifter
 20295 | Lair:5   | Reached skill level 10 in Fighting
 20383 | Lair:5   | XOM: give mutations
 20383 | Lair:5   | Gained mutation: You have supernaturally acute eyesight.
                  | (SInv) [Xom's grace]
 20383 | Lair:5   | Gained mutation: You are mostly covered in iridescent
                  | scales. (AC +4) [Xom's grace]
 20524 | Lair:5   | XOM: give mutations
 20524 | Lair:5   | Lost mutation: You are mostly covered in iridescent scales.
                  | (AC +4) [Xom's mischief]
 20524 | Lair:5   | Lost mutation: Your movements are slightly less encumbered
                  | by armour. (ER -2) [Xom's mischief]
 20568 | Lair:5   | XOM: scenery: summon butterflies
 20765 | Lair:5   | Reached skill level 10 in Hexes
 20775 | Lair:5   | Found a snail-covered altar of Cheibriados.
 20779 | Lair:5   | XOM: repel stairs
 20827 | Lair:5   | XOM: fog
 20960 | Lair:5   | a seven-headed hydra changed into a ghost moth
 20960 | Lair:5   | Noticed a ghost moth
 20960 | Lair:5   | XOM: polymorph seven-headed hydra -> ghost moth
 20962 | Lair:5   | XOM: divination: detect creatures
 20972 | Lair:5   | Killed a ghost moth
 21023 | Lair:5   | XOM: polymorph cane toad -> yak
 21029 | Lair:5   | XOM: scenery: create altars
 21037 | Lair:5   | XOM: give mutations
 21037 | Lair:5   | Lost mutation: You are somewhat resistant to further
                  | mutation. [Xom's grace]
 21037 | Lair:5   | Gained mutation: You have hidden genetic potential. [Xom's
                  | grace]
 21037 | Lair:5   | Gained mutation: You have sharp toenails. [Xom's grace]
 21037 | Lair:5   | Gained mutation: You are mostly covered in iridescent
                  | scales. (AC +4) [Xom's grace]
 21037 | Lair:5   | Gained mutation: Your mind is acute. (Int +4, Str/Dex -1)
                  | [Xom's grace]
 21089 | Lair:5   | XOM: god gift: 15 gold pieces
 21096 | Lair:5   | XOM: summons friendly crimson imp
 21106 | Lair:5   | Reached skill level 14 in Stealth
 21106 | Lair:5   | Reached XP level 15. HP: 98/101 MP: 25/28
 21250 | Lair:5   | XOM: enchant monster (good)
 21294 | Lair:5   | XOM: give mutations
 21294 | Lair:5   | Lost mutation: You have sharp toenails. [Xom's grace]
 21294 | Lair:5   | Gained mutation: You have large cloven feet. [Xom's grace]
 21294 | Lair:5   | Gained mutation: You passively map the area around you.
                  | [Xom's grace]
 21397 | Lair:5   | Reached skill level 5 in Evocations
 21435 | Lair:5   | XOM: summons 8 hostile demons
 21503 | Lair:5   | Identified the +7 spear "Peet" {heavy, *Corrode Int+5}
 21737 | Lair:5   | XOM: noise
 21744 | Lair:5   | Reached skill level 10 in Spellcasting
 21843 | D:9      | XOM: silly message
 21921 | Orc:1    | Entered Level 1 of the Orcish Mines
 21977 | Orc:1    | XOM: silly message
 21979 | Orc:1    | XOM: divination: detect items
 22020 | Orc:1    | XOM: silly message
 22031 | Orc:1    | XOM: divination: detect items
 22064 | Orc:1    | XOM: god gift: potion of might
 22146 | Orc:1    | XOM: give mutations
 22146 | Orc:1    | Gained mutation: You are strong-willed. (Will+) [Xom's
                  | grace]
 22146 | Orc:1    | Gained mutation: You are highly strong-willed. (Will++)
                  | [Xom's grace]
 22146 | Orc:1    | Gained mutation: Your skin changes colour to match your
                  | surroundings (Stealth+). [Xom's grace]
 22260 | Orc:1    | XOM: 1-stop teleportation journey
 22308 | Orc:1    | XOM: 7-stop teleportation journey
 22379 | Orc:2    | Entered Level 2 of the Orcish Mines
 22447 | Orc:2    | XOM: cleaving
 22474 | Orc:2    | XOM: scenery: summon butterflies
 22476 | Orc:2    | XOM: enchant monster (good)
 22479 | Orc:2    | XOM: confuse monster(s)
 22485 | Orc:2    | XOM: polymorph orc sorcerer -> guardian serpent
 22878 | Orc:1    | XOM: 6-stop teleportation journey
 22967 | Orc:1    | XOM: cleaving
 22971 | Orc:1    | XOM: divine lightning
 23024 | Orc:1    | XOM: scenery: create altars
 23112 | Orc:2    | XOM: cleaving
 23260 | Orc:2    | XOM: give mutations
 23260 | Orc:2    | Gained mutation: You passively dampen the noise of your
                  | surroundings. [Xom's grace]
 23260 | Orc:2    | Gained mutation: You have a pair of large horns on your
                  | head. [Xom's grace]
 23260 | Orc:2    | Gained mutation: You have hoof-like feet. [Xom's grace]
 23260 | Orc:2    | Gained mutation: Your spells are much harder to cast, but
                  | much more powerful. [Xom's grace]
 23452 | Orc:2    | Found Wyrokir's Weapon Emporium.
 23456 | Orc:2    | XOM: enchant monster (good)
 23469 | Orc:2    | XOM: scenery: 1 doors close
 23486 | Orc:2    | Found Yfauq's Assorted Antiques.
 23491 | Orc:2    | Bought a flickering glass ring for 145 gold pieces
 23491 | Orc:2    | Identified the ring of the Barnacle {rPois Will+ Int+5}
                  | (You bought it in a shop on level 2 of the Orcish Mines)
 23518 | Orc:2    | Found Fookluwk's Self-Improvement Boutique.
 23519 | Orc:2    | XOM: 2-stop teleportation journey
 23620 | Orc:2    | Found Zeiza's Distillery.
 23627 | Orc:2    | Found Limiud's Armour Boutique.
 23665 | Orc:2    | XOM: scenery: summon butterflies
 23682 | Orc:2    | Bought the +2 pair of boots of the Lily {Str+3 Slay+5} for
                  | 780 gold pieces
 23701 | Orc:2    | Bought a potion of heal wounds for 85 gold pieces
 23701 | Orc:2    | Bought a potion of might for 68 gold pieces
 23701 | Orc:2    | Bought 2 potions of heal wounds for 170 gold pieces
 23701 | Orc:2    | Bought 2 potions of might for 136 gold pieces
 23981 | Orc:2    | Found a staircase to the Elven Halls.
 24162 | D:13     | XOM: enchant monster (good)
 24164 | D:13     | XOM: cast spell 'Summon Cactus Giant'
 24175 | D:13     | XOM: divine lightning
 24252 | D:13     | XOM: cleaving
 24284 | D:13     | XOM: cloud trail
 24324 | D:13     | a six-headed hydra changed into a quicksilver dragon
 24324 | D:13     | Noticed a quicksilver dragon
 24324 | D:13     | XOM: polymorph six-headed hydra -> quicksilver dragon
 24340 | D:13     | XOM: polymorph quicksilver dragon -> satyr
 24341 | D:13     | Killed a quicksilver dragon
 24717 | D:13     | Found the +2 hat of the Bear Spirit {Spirit, Bear, *Rage
                  | Will++}
 25015 | D:13     | XOM: cloud trail
 25057 | D:14     | XOM: give mutations
 25057 | D:14     | Gained mutation: You are completely covered in iridescent
                  | scales. (AC +6) [Xom's grace]
 25057 | D:14     | Gained mutation: Your muscles are very strong. (Str +8,
                  | Int/Dex -2) [Xom's grace]
 25057 | D:14     | Gained mutation: Your flesh is cold resistant. (rC+) [Xom's
                  | grace]
 25057 | D:14     | Lost mutation: You sometimes lose your temper in combat.
                  | [Xom's grace]
 25068 | D:14     | XOM: polymorph rakshasa -> hell hog
 25102 | D:14     | XOM: confuse monster(s)
 25109 | D:14     | XOM: divine lightning
 25284 | D:14     | Found a gate to the Vaults.
 25295 | D:14     | Reached XP level 16. HP: 110/110 MP: 30/30
 25651 | D:15     | Entered Level 15 of the Dungeon
 25698 | D:15     | Found a gate leading to a gauntlet.
 25709 | Gauntlet | Entered a Gauntlet
 25720 | Gauntlet | Found a transporter.
 25720 | Gauntlet | Found a transporter.
 25735 | Gauntlet | Found a transporter.
 25771 | Gauntlet | Found a transporter.
 25785 | Gauntlet | Found a transporter.
 25800 | Gauntlet | Found a transporter.
 25815 | Gauntlet | Found a transporter.
 25841 | Gauntlet | Found a transporter.
 25844 | Gauntlet | Found the +3 pair of gauntlets of War {Slay+5}
 25855 | Gauntlet | Found a transporter.
 25877 | Gauntlet | Found a transporter.
 25891 | Gauntlet | Found a transporter.
 25934 | Gauntlet | XOM: stat loss: -1 Dex (16/17)
 25935 | Gauntlet | XOM: polymorph tengu conjurer -> culicivora
 25990 | Gauntlet | XOM: blink monster(s)
 26051 | Gauntlet | XOM: summons 4 hostile shadow creatures
 26062 | Gauntlet | Reached skill level 15 in Stealth
 26101 | Gauntlet | Found a transporter.
 26109 | Gauntlet | Identified the ring "Weptif" {Ice rPois rCorr Str+4 Stlth-}
 26267 | D:15     | XOM: 4-stop teleportation journey
 26338 | D:15     | XOM: 5-stop teleportation journey
 26383 | D:15     | Found a transporter.
 26548 | D:15     | Found a staircase to the Depths.
 26564 | D:15     | XOM: divination: magic mapping
 26690 | D:15     | Found a transporter.
 26713 | D:15     | XOM: divination: magic mapping
 26952 | Lair:1   | XOM: cast spell 'Monstrous Menagerie'
 27060 | Spider:1 | Entered Level 1 of the Spider Nest
 27183 | Spider:1 | XOM: 7-stop teleportation journey
 27299 | Spider:1 | XOM: 3-stop teleportation journey
 27903 | Spider:1 | XOM: draining
 28142 | Spider:1 | Noticed an emperor scorpion
 28146 | Spider:1 | Killed an emperor scorpion
 28158 | Spider:1 | Gained mutation: Your movements are slightly less
                  | encumbered by armour. (ER -2) [hidden potential]
 28195 | Spider:1 | XOM: swap monsters
 28311 | Spider:1 | XOM: scenery: summon butterflies
 28374 | Spider:1 | XOM: give mutations
 28374 | Spider:1 | Lost mutation: You are robust. (+10% HP) [Xom's mischief]
 28374 | Spider:1 | Lost mutation: Your system is resistant to poisons. (rPois)
                  | [Xom's mischief]
 28374 | Spider:1 | Lost mutation: You are completely covered in iridescent
                  | scales. (AC +6) [Xom's mischief]
 28374 | Spider:1 | Lost mutation: Your muscles are very strong. (Str +8,
                  | Int/Dex -2) [Xom's mischief]
 28441 | Spider:2 | XOM: confusion (+ monsters)
 28527 | Spider:2 | Found a frozen archway.
 28557 | IceCv    | Entered an ice cave
 28701 | IceCv    | XOM: give mutation
 28701 | IceCv    | Lost mutation: You are mostly covered in iridescent scales.
                  | (AC +4) [Xom's mischief]
 28816 | IceCv    | Reached XP level 17. HP: 106/106 MP: 32/32
 28904 | IceCv    | XOM: swap monsters
 29011 | IceCv    | Reached skill level 16 in Stealth
 29012 | IceCv    | Noticed a lich
 29020 | IceCv    | XOM: god gift: runed rapier {god gift}
 29023 | IceCv    | Killed a lich
 29024 | IceCv    | Reached skill level 1 in Transmutations
 29109 | IceCv    | XOM: give mutation
 29109 | IceCv    | Lost mutation: You have a pair of large horns on your head.
                  | [Xom's mischief]
 29162 | IceCv    | XOM: divination: detect items
 29454 | IceCv    | Found an ancient bone altar of Kikubaaqudgha.
 29641 | IceCv    | Got Azuza's Discursus on the Icicle and Open Graves
 29697 | IceCv    | XOM: scenery: summon butterflies
 29795 | Spider:2 | XOM: scenery: create altars
 30032 | Spider:2 | Found a runed translucent door.
 30033 | Spider:2 | Found a shimmering altar of Xom.
 30033 | Spider:2 | Noticed dertzug's ghost (adept MfBe)
 30033 | Spider:2 | Identified the +8 halberd "Wuschimmi" {chaos, Drain rElec
                  | rC+ rN+++}
 30151 | Spider:2 | XOM: cloud trail
 30640 | Spider:2 | XOM: give mutations
 30640 | Spider:2 | Gained mutation: You have hooves in place of feet. [Xom's
                  | grace]
 30640 | Spider:2 | Gained mutation: Your system is resistant to poisons.
                  | (rPois) [Xom's grace]
 30640 | Spider:2 | Gained mutation: Your flesh is heat resistant. (rF+) [Xom's
                  | grace]
 31014 | Spider:3 | Reached XP level 18. HP: 113/113 MP: 33/33
 31036 | Spider:3 | XOM: 1-stop teleportation journey
 31101 | Spider:3 | XOM: divination: detect creatures
 31427 | Spider:3 | XOM: god gift: amulet of magic regeneration
 31556 | Spider:3 | XOM: divination: magic mapping
 31699 | Spider:3 | XOM: give mutations
 31699 | Spider:3 | Lost mutation: You passively dampen the noise of your
                  | surroundings. [Xom's mischief]
 31699 | Spider:3 | Lost mutation: Your mind is acute. (Int +4, Str/Dex -1)
                  | [Xom's mischief]
 31699 | Spider:3 | Lost mutation: You have supernaturally acute eyesight.
                  | (SInv) [Xom's mischief]
 31699 | Spider:3 | Lost mutation: You are partially covered in iridescent
                  | scales. (AC +2) [Xom's mischief]
 31764 | Spider:3 | XOM: confusion
 31810 | Spider:3 | XOM: stat loss: -1 Str (12/13)
 31814 | Spider:3 | Reached skill level 1 in Air Magic
 31820 | Spider:3 | XOM: give mutations
 31820 | Spider:3 | Lost mutation: You expend magic power (3 MP) to strengthen
                  | your wands. [Xom's mischief]
 31820 | Spider:3 | Lost mutation: Your system is resistant to poisons. (rPois)
                  | [Xom's mischief]
 31820 | Spider:3 | Lost mutation: You are partially covered in large bone
                  | plates. (SH +4) [Xom's mischief]
 31820 | Spider:3 | Lost mutation: Your flesh is heat resistant. (rF+) [Xom's
                  | mischief]
 32002 | Spider:4 | Entered Level 4 of the Spider Nest
 32056 | Spider:4 | Gained mutation: You are extremely strong-willed. (Will+++)
                  | [hidden potential]
 32056 | Spider:4 | Lost mutation: You have hidden genetic potential. [hidden
                  | potential expressed]
 32331 | Spider:4 | XOM: 1-stop teleportation journey
 32332 | Spider:4 | XOM: stat loss: -1 Int (25/26)
 32435 | Spider:4 | XOM: stat loss: -1 Int (24/26)
 32516 | Spider:4 | Reached skill level 17 in Stealth
 32767 | Spider:4 | XOM: noise
 32770 | Spider:4 | XOM: swap monsters
 33087 | Spider:4 | XOM: scenery: create altars
 33198 | Spider:4 | XOM: give mutation
 33198 | Spider:4 | Lost mutation: You passively map the area around you.
                  | [Xom's mischief]
 33340 | Spider:4 | XOM: torment (58/114 hp)
 33402 | Spider:4 | Reached XP level 19. HP: 85/119 MP: 2/35
 33405 | Spider:4 | XOM: confusion
 33450 | Spider:4 | XOM: 2-stop teleportation journey
 33545 | Spider:4 | XOM: noise
 33867 | Spider:4 | Got a gossamer rune of Zot
 33874 | Spider:4 | XOM: noise
 34147 | D:13     | XOM: give mutations
 34147 | D:13     | Lost mutation: You are resistant to electric shocks.
                  | (rElec) [Xom's mischief]
 34147 | D:13     | Lost mutation: Your skin changes colour to match your
                  | surroundings (Stealth+). [Xom's mischief]
 34147 | D:13     | Lost mutation: Your muscles are strong. (Str +4, Int/Dex
                  | -1) [Xom's mischief]
 34172 | Vaults:1 | Entered Level 1 of the Vaults
 34233 | Vaults:1 | Reached skill level 5 in Transmutations
 34312 | Vaults:1 | XOM: stat loss: -1 Str (4/5)
 34359 | Vaults:1 | XOM: stat loss: -1 Str (3/5)
 34518 | Vaults:1 | XOM: enchant monster (bad)
 34539 | Vaults:1 | XOM: blink monster(s)
 34550 | Vaults:1 | XOM: summons 5 friendly demons
 34590 | Vaults:1 | XOM: polymorph vault sentinel -> cane toad
 34745 | Vaults:1 | XOM: give mutations
 34745 | Vaults:1 | Lost mutation: Your movements are slightly less encumbered
                  | by armour. (ER -2) [Xom's mischief]
 34745 | Vaults:1 | Gained mutation: You are occasionally teleported next to
                  | monsters. [Xom's mischief]
 34962 | Vaults:1 | Lost mutation: You have hooves in place of feet. [potion of
                  | mutation]
 34962 | Vaults:1 | Lost mutation: You have hoof-like feet. [potion of
                  | mutation]
 34962 | Vaults:1 | Lost mutation: You are extremely strong-willed. (Will+++)
                  | [potion of mutation]
 34962 | Vaults:1 | Gained mutation: You have a pair of large horns on your
                  | head. [potion of mutation]
 34984 | Vaults:1 | XOM: god gift: 4 datura-tipped darts
 35058 | Vaults:1 | XOM: cast spell 'Statue Form'
 35060 | Vaults:1 | XOM: cleaving
 35065 | Vaults:1 | XOM: give mutations
 35065 | Vaults:1 | Gained mutation: You are very agile. (Dex +8, Str/Int -2)
                  | [Xom's grace]
 35065 | Vaults:1 | Gained mutation: You expend magic power (3 MP) to
                  | strengthen your wands. [Xom's grace]
 35065 | Vaults:1 | Gained mutation: You passively dampen the noise of your
                  | surroundings. [Xom's grace]
 35065 | Vaults:1 | Gained mutation: Your muscles are strong. (Str +4, Int/Dex
                  | -1) [Xom's grace]
 35406 | Vaults:1 | XOM: fake destruction
 35431 | Vaults:1 | XOM: noise
 35452 | Vaults:1 | XOM: noise
 35685 | Vaults:1 | XOM: confuse monster(s)
 35703 | Vaults:1 | XOM: give mutation
 35703 | Vaults:1 | Gained mutation: Your natural rate of healing is unusually
                  | fast. [Xom's grace]
 35943 | Orc:2    | XOM: polymorph warg -> sky beast
 35963 | Elf:1    | Entered Level 1 of the Elven Halls
 35963 | Elf:1    | XOM: polymorph deep elf zephyrmancer -> shapeshifter
 35968 | Elf:1    | XOM: summons 2 friendly demons
 35993 | Elf:1    | XOM: scenery: create altars
 36010 | Elf:1    | Reached skill level 15 in Dodging
 36041 | Elf:1    | You fall into a shaft and drop 1 floor!
 36165 | Elf:2    | Reached skill level 18 in Stealth
 36173 | Elf:2    | Found a huge runed translucent gate.
 36174 | Elf:2    | Found a huge runed translucent gate.
 36175 | Elf:2    | Found a huge runed translucent gate.
 36176 | Elf:2    | Found a huge runed translucent gate.
 36249 | Elf:2    | XOM: silly message
 36325 | Elf:2    | XOM: potion effect (brilliance)
 36416 | Elf:2    | XOM: chaos cloud
 36543 | Elf:2    | XOM: god gift: scale mail {god gift}
 36571 | Elf:2    | Noticed a deep elf blademaster
 36577 | Elf:2    | Killed a deep elf blademaster
 36578 | Elf:2    | Reached XP level 20. HP: 127/127 MP: 33/37
 37076 | Elf:2    | XOM: noise
 37255 | Elf:2    | XOM: swap monsters
 37259 | Elf:2    | XOM: draining
 37356 | Elf:2    | Learned a level 4 spell: Petrify
 37359 | Elf:2    | XOM: stat loss: -1 Dex (22/23)
 37524 | Elf:1    | XOM: confusion
 37530 | Elf:1    | XOM: divine lightning
 37548 | Elf:1    | XOM: give mutations
 37548 | Elf:1    | Lost mutation: Your natural rate of healing is unusually
                  | fast. [Xom's mischief]
 37548 | Elf:1    | Lost mutation: You are occasionally teleported next to
                  | monsters. [Xom's mischief]
 37548 | Elf:1    | Lost mutation: You have large cloven feet. [Xom's mischief]
 37593 | Elf:1    | Reached skill level 1 in Earth Magic
 37705 | Elf:1    | XOM: stat loss: -1 Dex (22/23)
 37745 | Elf:1    | XOM: 2-stop teleportation journey
 37753 | Elf:1    | XOM: enchant monster (bad)
 37844 | Elf:1    | XOM: chaos cloud
 37945 | Elf:1    | XOM: noise
 38004 | Elf:1    | XOM: give mutations
 38004 | Elf:1    | Lost mutation: You passively dampen the noise of your
                  | surroundings. [Xom's mischief]
 38004 | Elf:1    | Gained mutation: Your mind is acute. (Int +4, Str/Dex -1)
                  | [Xom's mischief]
 38004 | Elf:1    | Lost mutation: You passively map a small area around you.
                  | [Xom's mischief]
 38004 | Elf:1    | Lost mutation: Your mind is acute. (Int +4, Str/Dex -1)
                  | [Xom's mischief]
 38029 | Elf:1    | XOM: noise
 38041 | Elf:1    | Got Ereshkigal's Reference Book on Evil Rituals
 38208 | Elf:3    | XOM: noise
 38208 | Elf:3    | Entered Level 3 of the Elven Halls
 38218 | Elf:3    | XOM: summons 3 friendly demons
 38235 | Elf:3    | XOM: 1-stop teleportation journey
 38240 | Elf:3    | XOM: summons 2 hostile demons
 38386 | Elf:3    | XOM: summons friendly white imp
 38498 | Elf:3    | Reached skill level 19 in Stealth
 38516 | Elf:2    | Found a radiant altar of Vehumet.
 38517 | Elf:2    | Paralysed by an air elemental for 1 turns
 38582 | Elf:3    | XOM: 2-stop teleportation journey
 38655 | Elf:3    | XOM: give mutations
 38655 | Elf:3    | Lost mutation: You expend magic power (3 MP) to strengthen
                  | your wands. [Xom's mischief]
 38655 | Elf:3    | Lost mutation: You have a pair of large horns on your head.
                  | [Xom's mischief]
 38655 | Elf:3    | Lost mutation: Your muscles are strong. (Str +4, Int/Dex
                  | -1) [Xom's mischief]
 38655 | Elf:3    | Lost mutation: Your spells are much harder to cast, but
                  | much more powerful. [Xom's mischief]
 38658 | Elf:3    | XOM: divination: magic mapping
 38980 | Elf:3    | XOM: cast spell 'Summon Dragon'
 39028 | Elf:3    | XOM: cleaving
 39029 | Elf:3    | XOM: stat loss: -1 Dex (23/24)
 39037 | Elf:3    | XOM: give mutations
 39037 | Elf:3    | Gained mutation: Your flesh is heat resistant. (rF+) [Xom's
                  | grace]
 39037 | Elf:3    | Gained mutation: You have very sharp teeth. [Xom's grace]
 39211 | Elf:3    | XOM: polymorph deep elf death mage -> quicksilver dragon
 39283 | Elf:3    | XOM: summons 5 hostile demons
 39334 | Elf:3    | XOM: summons 3 hostile demons
 39414 | Elf:3    | XOM: silly message
 39432 | Elf:3    | XOM: give mutations
 39432 | Elf:3    | Gained mutation: You have large cloven feet. [Xom's
                  | mischief]
 39432 | Elf:3    | Lost mutation: You are highly strong-willed. (Will++)
                  | [Xom's mischief]
 39432 | Elf:3    | Gained mutation: You possess an exceptional clarity of
                  | mind. [Xom's mischief]
 39432 | Elf:3    | Lost mutation: You are very agile. (Dex +8, Str/Int -2)
                  | [Xom's mischief]
 39443 | Elf:3    | XOM: potion effect (might)
 39449 | Elf:3    | XOM: confuse monster(s)
 39463 | Elf:3    | XOM: polymorph deep elf elementalist -> shapeshifter
 39473 | Elf:3    | Reached XP level 21. HP: 110/130 MP: 31/38
 39480 | Elf:3    | XOM: give mutations
 39480 | Elf:3    | Lost mutation: You have a pair of horns on your head.
                  | [Xom's mischief]
 39480 | Elf:3    | Lost mutation: You possess an exceptional clarity of mind.
                  | [Xom's mischief]
 39480 | Elf:3    | Lost mutation: You are strong-willed. (Will+) [Xom's
                  | mischief]
 39480 | Elf:3    | Gained mutation: You occasionally lose the ability to read
                  | scrolls when taking damage. [Xom's mischief]
 39569 | Elf:3    | Identified the +10 chain mail of the Jabberwock {*Slow Fly
                  | rN++ Str+2}
 39595 | Elf:3    | XOM: cloud trail
 39672 | Elf:3    | XOM: give mutations
 39672 | Elf:3    | Gained mutation: You possess an exceptional clarity of
                  | mind. [Xom's grace]
 39672 | Elf:3    | Gained mutation: You have hoof-like feet. [Xom's grace]
 39672 | Elf:3    | Gained mutation: You expend magic power (3 MP) to
                  | strengthen your wands. [Xom's grace]
 39680 | Elf:3    | Reached skill level 15 in Fighting
 39864 | Elf:3    | Got the Opusculum on the Repulsive Arsonist
 39869 | Elf:3    | Identified the staff of air "Beatia Unil" {rElec rPois rN+
                  | Int+4}
 39870 | Elf:3    | Found the +0 pair of fencer's gloves {Riposte Dex+3}
 39871 | Elf:3    | Identified the staff of cold "Qetidwui" {rPois rC+ Will+
                  | Str-2 Int+6}
 39876 | Elf:3    | Got Xoriomn's Almanac of Convocation
 39879 | Elf:3    | Got the Codex of Contamination and Company
 39911 | Elf:3    | Identified the +1 long sword of Megalomania {freeze, rF+
                  | rN+}
 39940 | Elf:3    | XOM: divination: magic mapping
 39955 | Elf:3    | XOM: summons 11 hostile demons
 39997 | Elf:3    | XOM: noise
 40245 | Shoals:1 | Entered Level 1 of the Shoals
 40280 | Shoals:1 | XOM: summons 4 hostile demons
 40291 | Shoals:1 | XOM: 5-stop teleportation journey
 40621 | Shoals:1 | Identified the +0 leather armour of Hedging {rElec}
 40813 | Shoals:1 | XOM: enchant monster (bad)
 40908 | Shoals:1 | XOM: give mutations
 40908 | Shoals:1 | Lost mutation: You occasionally lose the ability to read
                  | scrolls when taking damage. [Xom's mischief]
 40908 | Shoals:1 | Lost mutation: Your spells are harder to cast, but more
                  | powerful. [Xom's mischief]
 40908 | Shoals:1 | Lost mutation: Your flesh is cold resistant. (rC+) [Xom's
                  | mischief]
 40908 | Shoals:1 | Lost mutation: You possess an exceptional clarity of mind.
                  | [Xom's mischief]
 41330 | Shoals:2 | XOM: 1-stop teleportation journey
 41765 | Shoals:2 | XOM: summons 4 hostile demons
 42015 | Shoals:3 | XOM: cast spell 'Summon Cactus Giant'
 42309 | Shoals:3 | Noticed Ilsuiw
 42329 | Shoals:3 | Killed Ilsuiw
 42732 | Shoals:3 | XOM: confuse monster(s)
 42767 | Shoals:3 | XOM: silly message
 42835 | Shoals:3 | Reached skill level 20 in Stealth
 42974 | Shoals:4 | Entered Level 4 of the Shoals
 42985 | Shoals:4 | Noticed Polyphemus
 42999 | Shoals:4 | XOM: potion effect (magic)
 43005 | Shoals:4 | XOM: noise
 43049 | Shoals:4 | Killed Polyphemus
 43069 | Shoals:4 | Identified the +0 leather armour of the Little Devil
                  | {Rampage rPois}
 43102 | Shoals:4 | Noticed Aizul
 43107 | Shoals:4 | Killed Aizul
 43141 | Shoals:4 | XOM: cloud trail
 43244 | Shoals:4 | XOM: noise
 43288 | Shoals:4 | Reached XP level 22. HP: 140/140 MP: 40/40
 43317 | Shoals:4 | Got a barnacled rune of Zot
 43386 | Shoals:4 | XOM: god gift: book of Flames
 43447 | Shoals:4 | XOM: scenery: summon butterflies
 43458 | Shoals:4 | XOM: confuse monster(s)
 43478 | Shoals:4 | XOM: smoke on damage
 43529 | Shoals:4 | Found Jomepribb's Jewellery Shoppe.
 43534 | Shoals:4 | XOM: give mutations
 43534 | Shoals:4 | Gained mutation: You have hidden genetic defects. [Xom's
                  | mischief]
 43534 | Shoals:4 | Lost mutation: You expend magic power (3 MP) to strengthen
                  | your wands. [Xom's mischief]
 43536 | Shoals:4 | Bought the ring "Coalofoch" {+Blink Fly rN+ MP+9 Slay+3}
                  | for 1058 gold pieces
 43887 | Shoals:4 | Found Secsaje's One-of-a-Kind Rings.
 43908 | Shoals:4 | Reached skill level 10 in Evocations
 44252 | Shoals:4 | XOM is BORED!
 44252 | Shoals:4 | XOM: stat loss: -3 Dex (17/20)
 44357 | Shoals:4 | XOM: summons 1 hostile demon
 44699 | D:10     | XOM: silly message
 44763 | D:11     | Noticed Josephine
 44781 | D:11     | Killed Josephine
 44977 | Vaults:2 | XOM: summons 3 hostile shadow creatures
 45022 | Vaults:2 | XOM: give mutations
 45022 | Vaults:2 | Lost mutation: You have a pair of small horns on your head.
                  | [Xom's mischief]
 45022 | Vaults:2 | Gained mutation: Your skin changes colour to match your
                  | surroundings (Stealth+). [Xom's mischief]
 45027 | Vaults:2 | XOM: enchant monster (bad)
 45039 | Vaults:2 | Reached skill level 15 in Hexes
 45049 | Vaults:2 | Gained mutation: You occasionally lose the ability to drink
                  | potions when taking damage. [hidden defects]
 45050 | Vaults:2 | XOM: silly message
 45183 | Vaults:2 | XOM: noise
 45313 | Vaults:2 | Noticed Frederick
 45338 | Vaults:2 | XOM: silly message
 45348 | Vaults:2 | Killed Frederick
 45616 | Vaults:2 | XOM: noise
 45663 | Vaults:2 | XOM: divination: detect creatures
 45720 | Vaults:2 | You are sucked into a shaft and drop 2 floors!
 45768 | Vaults:4 | XOM: swap monsters
 45792 | Vaults:4 | XOM: confusion
 45803 | Vaults:4 | XOM: 1-stop teleportation journey
 45856 | Vaults:4 | Learned a level 7 spell: Enfeeble
 45964 | Vaults:3 | Gained mutation: You occasionally shout uncontrollably at
                  | your foes. [hidden defects]
 45964 | Vaults:3 | Lost mutation: You have hidden genetic defects. [hidden
                  | defects expressed]
 45972 | Vaults:3 | Noticed Boris
 45976 | Vaults:3 | Killed Boris
 45977 | Vaults:3 | Reached skill level 15 in Spellcasting
 46059 | Vaults:3 | XOM: 5-stop teleportation journey
 46158 | Vaults:3 | XOM: smoke on damage
 46185 | Vaults:3 | Noticed Xtahua
 46189 | Vaults:3 | Killed Xtahua
 46219 | Vaults:3 | Noticed Nikola
 46237 | Vaults:3 | Killed Nikola
 46403 | Vaults:3 | XOM: enchant monster (bad)
 46407 | Vaults:3 | XOM: 3-stop teleportation journey
 46412 | Vaults:3 | XOM: enchant monster (good)
 46623 | Vaults:3 | Found a staircase to the Crypt.
 46718 | Vaults:3 | XOM: 2-stop teleportation journey
 47014 | Vaults:2 | XOM: scenery: 1 doors close
 47413 | Vaults:3 | Reached XP level 23. HP: 148/148 MP: 41/42
 47425 | Vaults:3 | XOM: cast spell 'Call Canine Familiar'
 47426 | Vaults:3 | XOM: noise
 47436 | Vaults:3 | XOM: noise
 47591 | Vaults:3 | XOM: divination: magic mapping
 47595 | Vaults:3 | Reached skill level 21 in Stealth
 47615 | Vaults:3 | XOM: cast spell 'Leda's Liquefaction'
 47895 | Vaults:4 | Noticed Mennas
 47981 | Vaults:4 | XOM: noise
 48009 | Vaults:4 | XOM: enchant monster (bad)
 48041 | Vaults:4 | Killed Mennas
 48041 | Vaults:4 | XOM: 5-stop teleportation journey
 48084 | Vaults:4 | Found Ucherib's Armour Emporium.
 48111 | Vaults:4 | XOM: cast spell 'Metabolic Englaciation'
 48752 | Vaults:4 | XOM: silly message
 49137 | Vaults:5 | Entered Level 5 of the Vaults
 49150 | Vaults:5 | XOM: confuse monster(s)
 49214 | Vaults:4 | XOM: draining
 49218 | Vaults:4 | XOM: divination: magic mapping
 49219 | Vaults:4 | XOM: blink monster(s)
 49222 | Vaults:4 | XOM: chaos upgrade
 49291 | Vaults:4 | XOM: polymorph vault guard -> something unseen
 49336 | Vaults:3 | XOM: give mutations
 49336 | Vaults:3 | Gained mutation: You are frail. (-10% HP) [Xom's mischief]
 49336 | Vaults:3 | Gained mutation: You are vulnerable to cold. (rC-) [Xom's
                  | mischief]
 49359 | Vaults:2 | XOM: enchant monster (good)
 49391 | Vaults:2 | Lost mutation: You have very sharp teeth. [potion of
                  | mutation]
 49391 | Vaults:2 | Lost mutation: Your flesh is heat resistant. (rF+) [potion
                  | of mutation]
 49391 | Vaults:2 | Gained mutation: You are very vulnerable to cold. (rC--)
                  | [potion of mutation]
 49392 | Vaults:2 | Lost mutation: You occasionally shout uncontrollably at
                  | your foes. [potion of mutation]
 49392 | Vaults:2 | Lost mutation: You are very vulnerable to cold. (rC--)
                  | [potion of mutation]
 49392 | Vaults:2 | Gained mutation: You are partially covered in iridescent
                  | scales. (AC +2) [potion of mutation]
 49392 | Vaults:2 | Lost mutation: You occasionally lose the ability to drink
                  | potions when taking damage. [potion of mutation]
 49392 | Vaults:2 | Gained mutation: You have a pair of small horns on your
                  | head. [potion of mutation]
 49393 | Vaults:2 | Lost mutation: You are frail. (-10% HP) [potion of
                  | mutation]
 49393 | Vaults:2 | Lost mutation: You have a pair of small horns on your head.
                  | [potion of mutation]
 49393 | Vaults:2 | Lost mutation: You are vulnerable to cold. (rC-) [potion of
                  | mutation]
 49518 | Vaults:4 | XOM: confuse monster(s)
 49528 | Vaults:4 | XOM: confusion
 49541 | Vaults:4 | XOM: give mutations
 49541 | Vaults:4 | Gained mutation: You are robust. (+10% HP) [Xom's grace]
 49541 | Vaults:4 | Gained mutation: Your system is resistant to poisons.
                  | (rPois) [Xom's grace]
 49541 | Vaults:4 | Gained mutation: You have a pair of small antennae on your
                  | head. [Xom's grace]
 49541 | Vaults:4 | Gained mutation: You expend magic power (3 MP) to
                  | strengthen your wands. [Xom's grace]
 49849 | Vaults:5 | Noticed a golden dragon
 49973 | Vaults:5 | Killed a golden dragon
 49998 | Vaults:5 | XOM: enchant monster (bad)
 50052 | Vaults:5 | XOM: 1-stop teleportation journey
 50099 | Vaults:5 | XOM: enchant monster (bad)
 50110 | Vaults:5 | XOM: scenery: summon butterflies
 50125 | Vaults:5 | XOM: summons 1 hostile shadow creature
 50153 | Vaults:5 | XOM: 2-stop teleportation journey
 50181 | Vaults:5 | XOM: divination: detect creatures
 50195 | Vaults:5 | XOM: scenery: create altars
 50210 | Vaults:5 | XOM: noise
 50282 | Vaults:5 | XOM: noise
 50303 | Vaults:5 | Identified the ring of Yromobruahing {Ice Str-5 Int+4
                  | Dex+2}
 50303 | Vaults:5 | XOM: 2-stop teleportation journey
 50343 | Vaults:5 | XOM: summons 2 friendly demons
 50347 | Vaults:5 | XOM: cast spell 'Statue Form'
 50357 | Vaults:5 | XOM: enchant monster (bad)
 50479 | Vaults:5 | Reached XP level 24. HP: 171/171 MP: 42/42
 50560 | Vaults:5 | Identified the +8 glaive "Reaffytoe" {heavy, *Rage rElec
                  | Int+4 SInv}
 50575 | Vaults:5 | XOM: cast spell 'Call Canine Familiar'
 50753 | Vaults:5 | XOM: summons 2 friendly demons
 50796 | Vaults:5 | Noticed a golden dragon
 50807 | Vaults:5 | Killed a golden dragon
 50808 | Vaults:5 | Reached skill level 22 in Stealth
 50937 | Vaults:5 | XOM: polymorph shadow dragon -> sphinx
 51125 | Vaults:5 | XOM: summons 2 friendly demons
 51131 | Vaults:5 | XOM: cast spell 'Death Channel'
 51145 | Vaults:5 | XOM: give mutations
 51145 | Vaults:5 | Gained mutation: You have a pair of antennae on your head.
                  | [Xom's grace]
 51145 | Vaults:5 | Gained mutation: You are very agile. (Dex +8, Str/Int -2)
                  | [Xom's grace]
 51145 | Vaults:5 | Gained mutation: Your movements are slightly less
                  | encumbered by armour. (ER -2) [Xom's grace]
 51168 | Vaults:5 | Identified the staff of poison "Xaado" {+Blink rPois Int+6
                  | Dex-2}
 51168 | Vaults:5 | Noticed Boris
 51175 | Vaults:5 | XOM: cloud trail
 51181 | Vaults:5 | Killed Boris
 51257 | Vaults:5 | Got the Notes on the Repulsive Sixfirhy
 51282 | Vaults:5 | Got a silver rune of Zot
 51330 | Vaults:5 | XOM: god gift: book of Minor Magic
 51437 | Vaults:5 | Got Hokim's Vellum of Doom and the Rocks
 51442 | Vaults:5 | Identified the +8 scale mail of the Slashing Gods {Stlth+}
 51582 | D:14     | XOM: stat loss: -1 Str (8/9)
 51613 | Depths:1 | Entered Level 1 of the Depths
 51768 | Depths:1 | XOM: give mutations
 51768 | Depths:1 | Gained mutation: Your spells are harder to cast, but more
                  | powerful. [Xom's grace]
 51768 | Depths:1 | Gained mutation: You are strong-willed. (Will+) [Xom's
                  | grace]
 51768 | Depths:1 | Gained mutation: You have a pair of large antennae on your
                  | head. (SInv) [Xom's grace]
 51768 | Depths:1 | Gained mutation: Your mind is acute. (Int +4, Str/Dex -1)
                  | [Xom's grace]
 51781 | Depths:1 | XOM: cleaving
 51785 | Depths:1 | XOM: polymorph cyan very ugly thing -> red very ugly thing
 51791 | Depths:1 | Noticed Sojobo
 51793 | Depths:1 | XOM: summons 9 friendly demons
 51802 | Depths:1 | Killed Sojobo
 51810 | Depths:1 | XOM: confuse monster(s)
 51854 | Depths:1 | XOM: potion effect (might)
 51991 | Depths:1 | Found a one-way gate leading to the halls of Pandemonium.
 52136 | Depths:1 | XOM: silly message
 52166 | Depths:1 | XOM: blink monster(s)
 52179 | Depths:1 | XOM: torment (96/171 hp)
 52187 | Depths:1 | Reached skill level 1 in Shields
 52515 | Depths:1 | You are sucked into a shaft and drop 1 floor!
 52516 | Depths:2 | XOM: summons 1 hostile demon
 52637 | Depths:1 | Identified the +0 ring mail "Hutupn" {rPois rN++ rCorr
                  | Stlth-}
 52679 | Depths:1 | Found a gateway to Hell.
 52699 | Depths:1 | Identified the +8 quarterstaff of Desperation {flame, rElec
                  | Dex+4}
 52744 | Depths:1 | XOM: give mutations
 52744 | Depths:1 | Lost mutation: You expend magic power (3 MP) to strengthen
                  | your wands. [Xom's mischief]
 52744 | Depths:1 | Lost mutation: Your movements are slightly less encumbered
                  | by armour. (ER -2) [Xom's mischief]
 52744 | Depths:1 | Lost mutation: You are strong-willed. (Will+) [Xom's
                  | mischief]
 52875 | Depths:2 | XOM: confusion
 52883 | Depths:2 | XOM: polymorph spark wasp -> ghost moth
 52885 | Depths:2 | XOM: summons 13 hostile demons
 52892 | Depths:2 | XOM: potion effect (heal wounds)
 53013 | Depths:2 | Found a broken altar of Ashenzari.
 53186 | Depths:2 | Noticed a caustic shrike
 53193 | Depths:2 | Killed a caustic shrike
 53288 | Depths:2 | XOM: 2-stop teleportation journey
 54004 | Depths:3 | Found a hide-covered altar of Uskayaw.
 54108 | Depths:3 | XOM: confusion (+ monsters)
 54109 | Depths:3 | Found a one-way gateway to a ziggurat.
 54109 | Depths:3 | XOM: 3-stop teleportation journey
 54115 | Depths:3 | XOM: cleaving
 54117 | Depths:3 | XOM: destruction
 54247 | Depths:3 | Noticed Parghit
 54292 | Depths:3 | Killed Parghit
 54293 | Depths:3 | Reached XP level 25. HP: 178/178 MP: 31/43
 54322 | Depths:3 | XOM: summons 13 hostile demons
 54448 | Depths:3 | XOM: silly message
 54522 | Depths:3 | XOM: divination: detect items
 54523 | Depths:3 | XOM: confusion (+ monsters)
 54586 | Depths:3 | Found a one-way gate to the infinite horrors of the Abyss.
 54586 | Depths:3 | Noticed Louise
 54590 | Depths:3 | Killed Louise
 54681 | Depths:3 | XOM: blink monster(s)
 54713 | Depths:3 | XOM: enchant monster (good)
 54768 | Depths:3 | XOM: give mutations
 54768 | Depths:3 | Gained mutation: Your mind is very acute. (Int +8, Str/Dex
                  | -2) [Xom's grace]
 54768 | Depths:3 | Gained mutation: You expend magic power (3 MP) to
                  | strengthen your wands. [Xom's grace]
 54768 | Depths:3 | Gained mutation: You are somewhat resistant to further
                  | mutation. [Xom's grace]
 54799 | Depths:3 | XOM: fog
 54800 | Depths:3 | XOM: scenery: summon butterflies
 54811 | Depths:3 | XOM: 1-stop teleportation journey
 55102 | Depths:3 | XOM: fog
 55174 | Depths:3 | XOM: cast spell 'Dispersal'
 55229 | Depths:3 | Found a basalt altar of Yredelemnul.
 55237 | Depths:3 | XOM: smoke on damage
 55496 | Depths:3 | XOM: summons friendly quasit
 55499 | Depths:3 | XOM: blink monster(s)
 55829 | Depths:2 | Reached skill level 23 in Stealth
 55865 | Depths:3 | XOM: enchant monster (good)
 55873 | Depths:3 | Reached skill level 5 in Shields
 56003 | Depths:4 | Entered Level 4 of the Depths
 56029 | Depths:3 | XOM: blink monster(s)
 56279 | Depths:4 | XOM: divine lightning
 56302 | Depths:4 | XOM: summons friendly quasit
 56309 | Depths:4 | Found a gate to the Realm of Zot.
 56309 | Depths:4 | XOM: 7-stop teleportation journey
 56316 | Depths:4 | XOM: confusion
 56328 | Depths:4 | XOM: polymorph stone giant -> iron troll
 56337 | Depths:4 | XOM: swap monsters
 56342 | Depths:4 | XOM: swap monsters
 56358 | Depths:4 | XOM: divine lightning
 56360 | Depths:4 | XOM: swap monsters
 56369 | Depths:4 | XOM: 3-stop teleportation journey
 56372 | Depths:4 | XOM: butterfly on damage
 56430 | Depths:4 | Found Nine's Magic Scroll Shoppe.
 56432 | Depths:4 | Found Busahir's Antique Weapon Emporium.
 56434 | Depths:4 | Found Zeut's Armour Shoppe.
 56435 | Depths:4 | Bought a scroll of blinking for 150 gold pieces
 56435 | Depths:4 | Bought a scroll of teleportation for 60 gold pieces
 56435 | Depths:4 | Bought a scroll of teleportation for 60 gold pieces
 56483 | Depths:4 | XOM: 1-stop teleportation journey
 56531 | Depths:4 | XOM: noise
 56533 | Depths:4 | XOM: enchant monster (bad)
 56539 | Depths:4 | XOM: fog
 56555 | Depths:4 | XOM: torment (93/180 hp)
 57109 | Depths:4 | XOM: stat loss: -1 Int (34/35)
 57114 | Depths:4 | XOM: polymorph golden dragon -> iron dragon
 57115 | Depths:4 | XOM: polymorph iron dragon -> golden dragon
 57274 | Depths:4 | XOM: blink monster(s)
 57279 | Depths:4 | XOM: summons friendly quasit
 57290 | Depths:4 | XOM: cast spell 'Summon Mana Viper'
 57317 | Depths:4 | XOM: confuse monster(s)
 57740 | D:10     | XOM: silly message
 57750 | D:10     | Learned a level 8 spell: Necromutation
 57849 | Lair:4   | XOM: divination: detect items
 57872 | Slime:1  | Entered Level 1 of the Pits of Slime
 57906 | Slime:1  | XOM: polymorph shining eye -> mana viper
 57913 | Slime:1  | Reached skill level 1 in Necromancy
 58049 | Slime:1  | XOM: polymorph acid blob -> shadow dragon
 58051 | Slime:1  | XOM: confusion (+ monsters)
 58114 | Slime:1  | Reached XP level 26. HP: 187/187 MP: 44/44
 58124 | Abyss:4  | Cast into level 4 of the Abyss (Xom)
 58140 | Abyss:4  | XOM: divination: detect items
 58284 | Abyss:4  | Found a corrupted altar of Lugonu.
 58337 | Abyss:4  | XOM: enchant monster (bad)
 58398 | Abyss:4  | Found a corrupted altar of Lugonu.
 58438 | Abyss:4  | XOM: fog
 58456 | Abyss:4  | XOM: divination: detect creatures
 58466 | Abyss:4  | XOM: silly message
 58484 | Abyss:4  | XOM: silly message
 58559 | Abyss:4  | XOM: potion effect (invisibility)
 58562 | Abyss:4  | XOM: cleaving
 58571 | Abyss:4  | XOM: summons friendly quasit
 58576 | Abyss:4  | XOM: enchant monster (good)
 58618 | Abyss:4  | Learned a level 1 spell: Apportation
 58633 | Abyss:4  | Got an abyssal rune of Zot
 58670 | Abyss:4  | XOM: cleaving
 58737 | Slime:1  | Escaped the Abyss
 58754 | Slime:1  | XOM: divination: detect items
 58879 | Slime:1  | XOM: scenery: summon butterflies
 58929 | Slime:1  | XOM: god gift: scale mail {god gift}
 58976 | Slime:1  | XOM: scenery: create altars
 59016 | Slime:1  | XOM: cloud trail
 59040 | Slime:1  | Reached skill level 5 in Necromancy
 59278 | Slime:1  | XOM: repel stairs
 59486 | Slime:2  | XOM: chaos cloud
 59846 | Slime:2  | XOM: summons 5 hostile demons
 59879 | Slime:3  | Reached skill level 10 in Transmutations
 59938 | Slime:2  | XOM: noise
 60109 | Slime:2  | XOM: 2-stop teleportation journey
 60318 | Slime:3  | XOM: divination: detect creatures
 60321 | Slime:3  | XOM: scenery: summon butterflies
 60322 | Slime:3  | XOM: polymorph enormous slime creature -> swamp worm
 60375 | Slime:3  | XOM: confusion (+ monsters)
 60385 | Slime:3  | XOM: god gift: halberd {god gift}
 60467 | Slime:3  | XOM: fog
 60775 | Slime:4  | Noticed Dissolution
 60870 | Slime:4  | XOM: summons 2 friendly demons
 60908 | Slime:3  | Killed Dissolution
 60987 | Slime:3  | XOM: god gift: potion of brilliance
 61005 | Slime:4  | XOM: divination: magic mapping
 61217 | Slime:3  | XOM: scenery: create altars
 61270 | Slime:5  | Entered Level 5 of the Pits of Slime
 61326 | Lair:4   | XOM: give mutations
 61326 | Lair:4   | Lost mutation: You expend magic power (3 MP) to strengthen
                  | your wands. [Xom's mischief]
 61326 | Lair:4   | Lost mutation: Your system is resistant to poisons. (rPois)
                  | [Xom's mischief]
 61497 | D:13     | XOM: god gift: wand of flame (9)
 61574 | Vaults:3 | XOM: god gift: 20 gold pieces
 61633 | Crypt:1  | Entered Level 1 of the Crypt
 61744 | Crypt:1  | Noticed Boris
 61788 | Crypt:1  | Killed Boris
 61970 | Crypt:1  | XOM: 2-stop teleportation journey
 62123 | Crypt:1  | XOM: noise
 62338 | Crypt:1  | Found the ring of the Hare {EV+10}
 62662 | Crypt:1  | XOM: chaos cloud
 62722 | Crypt:1  | XOM: 2-stop teleportation journey
 62755 | Crypt:1  | XOM: summons 1 hostile shadow creature
 62850 | Crypt:1  | XOM: give mutation
 62850 | Crypt:1  | Lost mutation: You have hoof-like feet. [Xom's mischief]
 63030 | Crypt:2  | XOM: chaos cloud
 63073 | Crypt:2  | XOM: chaos cloud
 63155 | Crypt:2  | XOM: enchant monster (bad)
 63208 | Crypt:2  | Reached XP level 27. HP: 126/192 MP: 44/44
 63236 | Crypt:2  | XOM: chaos upgrade
 63470 | Crypt:2  | Found a transporter.
 63474 | Crypt:2  | Noticed Hynnuzim's ghost (veteran CeHu)
 63742 | Crypt:2  | Found a transporter.
 63796 | Crypt:2  | Identified the ring of Iddinank {rF+ rC+ EV+5}
 64045 | Crypt:2  | XOM: cloud trail
 64054 | Crypt:3  | Entered Level 3 of the Crypt
 64079 | Crypt:3  | Found a magical portal.
 64090 | WizLab   | Entered Wucad Mu's Monastery
 64157 | WizLab   | XOM: potion effect (might)
 64185 | WizLab   | XOM: summons 8 friendly demons
 64289 | WizLab   | Found the crystal ball of Wucad Mu {*channel}
 64301 | WizLab   | XOM: god gift: +0 pair of boots of stealth
 64331 | WizLab   | Reached skill level 10 in Necromancy
 64535 | Crypt:3  | XOM: enchant monster (good)
 64547 | Crypt:3  | XOM: enchant monster (good)
 64550 | Crypt:3  | XOM: divination: detect creatures
 64560 | Crypt:3  | XOM: polymorph death knight -> shapeshifter
 64580 | Crypt:3  | XOM: summons 5 friendly demons
 64626 | Crypt:3  | XOM: cast spell 'Leda's Liquefaction'
 64629 | Crypt:3  | XOM: summons 9 friendly demons
 64770 | Crypt:3  | XOM: 2-stop teleportation journey
 64839 | Crypt:3  | XOM: summons 14 friendly demons
 64957 | Crypt:3  | XOM: give mutations
 64957 | Crypt:3  | Gained mutation: Your spells are much harder to cast, but
                  | much more powerful. [Xom's grace]
 64957 | Crypt:3  | Gained mutation: You are mostly covered in iridescent
                  | scales. (AC +4) [Xom's grace]
 65009 | Crypt:3  | XOM: divination: magic mapping
 65153 | Crypt:3  | XOM: divination: detect items
 65223 | Crypt:3  | XOM: enchant monster (good)
 65293 | Crypt:3  | XOM: divination: detect creatures
 65372 | Crypt:3  | XOM: summons friendly smoke demon
 65399 | Crypt:3  | Found the +8 Vampire's Tooth {megavamp}
 65400 | Crypt:3  | Noticed a dread lich
 65400 | Crypt:3  | Noticed an ancient lich
 65413 | Crypt:3  | Killed a dread lich
 65442 | Crypt:3  | Killed an ancient lich
 65477 | Crypt:3  | XOM: scenery: 1 doors close
 65511 | Crypt:3  | Noticed a dread lich
 65512 | Crypt:3  | Noticed a dread lich
 65516 | Crypt:3  | XOM: summons 3 friendly demons
 65518 | Crypt:3  | XOM: scenery: 2 doors open
 65527 | Crypt:3  | Killed a dread lich
 65533 | Crypt:3  | Killed a dread lich
 65786 | Crypt:3  | XOM: give mutations
 65786 | Crypt:3  | Gained mutation: You are strong-willed. (Will+) [Xom's
                  | grace]
 65786 | Crypt:3  | Gained mutation: You are covered in fur. (AC +1) [Xom's
                  | grace]
 65878 | Crypt:3  | Found a staircase to the Tomb.
 66056 | Vaults:3 | XOM: god gift: 6 stones
 66344 | Slime:4  | XOM: enchant monster (good)
 66386 | Slime:4  | XOM: 4-stop teleportation journey
 66439 | Slime:4  | XOM: fog
 66478 | Slime:4  | XOM: enchant monster (bad)
 66561 | Slime:4  | XOM: cloud trail
 66683 | Slime:4  | XOM: god gift: 2 scrolls of fog
 66907 | Slime:5  | XOM: 6-stop teleportation journey
 66915 | Slime:5  | XOM: fog
 67080 | Slime:5  | XOM: 3-stop teleportation journey
 67093 | Slime:4  | XOM: scenery: create altars
 67101 | Slime:4  | XOM: god gift: wand of polymorph (7)
 67236 | Slime:5  | Found a viscous altar of Jiyva.
 67303 | Slime:5  | XOM: summons friendly ufetubus
 67312 | Slime:5  | Noticed the Royal Jelly
 67375 | Slime:5  | XOM: confuse monster(s)
 67451 | Slime:4  | XOM: polymorph acid blob -> golden dragon
 67626 | Slime:5  | XOM: fog
 67627 | Slime:5  | XOM: enchant monster (good)
 67632 | Slime:5  | Killed the Royal Jelly
 67755 | Slime:4  | XOM: summons friendly white imp
 67872 | Slime:5  | XOM: confuse monster(s)
 68038 | Slime:5  | XOM: god gift: potion of degeneration
 68204 | Slime:5  | XOM: potion effect (might)
 68245 | Slime:5  | Got a slimy rune of Zot
 68251 | Slime:5  | Identified the +8 shortbow of Filigreed Optimality {freeze,
                  | rC+ Int+2}
 68253 | Slime:5  | XOM: divination: detect items
 68254 | Slime:5  | Identified the staff of fire "Dazami" {rF+ Dex+5}
 68271 | Slime:5  | Identified the ring "Kemoxtuf" {*Slow rC+ MP+9 Dex+6}
 68317 | Slime:5  | Identified the +9 morningstar of Ignis's Favour {elec,
                  | rElec rPois}
 68326 | Slime:5  | Identified the scarf "Rabynt" {repulsion, Fly Dex+3}
 68337 | Slime:5  | Identified the +1 scimitar of the Final Decision {holy,
                  | rElec rPois Str-3 Int-3}
 68346 | Slime:5  | Identified the +1 robe of Amimubump {rElec MP-9 Int-5
                  | Slay+6}
 68361 | Slime:5  | Identified the +5 chain mail of Claustrophobia {+Inv Regen+
                  | MP-9 Int+2}
 68364 | Slime:5  | Identified the +1 leather armour of Gestures {Slay+2}
 68548 | D:10     | XOM: give mutations
 68548 | D:10     | Lost mutation: Your skin changes colour to match your
                  | surroundings (Stealth+). [Xom's mischief]
 68548 | D:10     | Lost mutation: You have large cloven feet. [Xom's mischief]
 68724 | Zot:1    | Entered Level 1 of the Realm of Zot
 68750 | Zot:1    | XOM: polymorph black draconian -> purple draconian
 68760 | Zot:1    | XOM: silly message
 68765 | Zot:1    | XOM: silly message
 68798 | Zot:1    | XOM: give mutation
 68798 | Zot:1    | Lost mutation: You have a pair of large antennae on your
                  | head. (SInv) [Xom's mischief]
 69049 | Zot:1    | XOM: silly message
 69060 | Zot:1    | XOM: confuse monster(s)
 69330 | Zot:1    | Learned a level 5 spell: Irradiate
 69373 | Zot:1    | XOM: 3-stop teleportation journey
 69496 | Zot:1    | Reached skill level 15 in Transmutations
 69505 | Zot:1    | XOM: 2-stop teleportation journey
 69634 | Zot:1    | XOM: summons 3 hostile shadow creatures
 69740 | Zot:1    | XOM: swap monsters
 69765 | Zot:1    | XOM: summons 4 friendly demons
 69846 | Zot:1    | XOM: polymorph red draconian scorcher -> fenstrider witch
 69965 | Zot:1    | XOM: summons 7 hostile demons
 70049 | Hell     | Entered the Vestibule of Hell
 70065 | Hell     | Noticed Geryon
 70071 | Hell     | XOM: silly message
 70095 | Hell     | Killed Geryon
 70125 | Hell     | XOM: 1-stop teleportation journey
 70133 | Hell     | XOM: summons 3 hostile demons
 70134 | Hell     | XOM: swap monsters
 70136 | Hell     | XOM: summons 1 hostile demon
 70139 | Hell     | HP: 4/177 [hell knight/bolt of fire (24)]
 70141 | Hell     | Killed from afar by a hell knight

Illustrated notes

Levels and vault maps discovered:
D:1:      dpeg_arrival_snail, layout_rooms
D:2:      minmay_wonky_spiral, layout_loops_ring, serial_shops, shop, shop,
          shop, shop, nicolae_shop_stone,
          shapermc_ecumenical_altar_mp_urbaneastern, basic_altar,
          kennysheep_jessica_study
D:3:      layout_rooms, mainiacjoe_overflow_alcove_2, serial_co_window_serial,
          co_window_paths_a, co_window_paths_a, co_window_cross_1,
          co_window_of_opportunity_a, co_window_cross_1, co_window_corner_a,
          co_window_paths_a, co_window_paths_a, co_window_paths_b,
          co_window_cross_3, co_window_broadway_b, co_window_broadway_c,
          co_window_2corner, co_window_corner_ca, glass_columns_b,
          glass_columns_a, serial_shops, nicolae_shop_crystal, uniq_sigmund
D:4:      layout_basic, minmay_temple_entry_slanted
D:5:      layout_basic, nicolae_qazlal_scattered_showers,
          mainiacjoe_overflow_chevrons
D:6:      layout_loops_corners, xom_confusion_cloud, kennysheep_mini_moat
D:7:      layout_layer_cave, mainiacjoe_overflow_24_doors,
          grunt_dithmenos_shadows, minitemple, uniq_pikel
D:8:      layout_cave_pools, vehumet_statue, lightli_church_of_beogh, uniq_grum
D:9:      layout_irregular_city, nicolae_overflow_hidden_temple,
          due_lair_maze_entry_diamond, serial_shops, shop, minmay_orc_keep,
          uniq_erolcha, uniq_maurice
D:10:     layout_rooms, zin_scriptorium, david_orc_5, st_stairs_9, uniq_urug
D:11:     layout_roguey, nicolae_figureground_sparkle, uniq_josephine,
          uniq_snorg
D:12:     layout_layer_cave
D:13:     layout_gridville, uniq_frances
D:14:     layout_rooms, david_vaults_2, hangedman_decor_cross_pass
D:15:     grunt_enter_depths_giant_problem, layout_cave_pools,
          gammafunk_ghost_mausoleum, gauntlet_entry_generic
Lair:1:   layout_misc_corridors
Lair:2:   layout_gridlike, elwin_shoals_entry_stream,
          nicolae_spider_entry_tight_spaces
Lair:3:   layout_loops_ring
Lair:4:   layout_cellular_growth, dpeg_slime_entry_corner, minivault_24
Lair:5:   hangedman_lair_in_review, layout_gridlike, basic_altar,
          kennysheep_snail_temple
Shoals:1: layout_shoals, yaktaur_hedge
Shoals:2: dreamdust_from_the_deep, layout_shoals
Shoals:3: layout_shoals, st_sunken_huts, uniq_ilsuiw
Shoals:4: shoals_end_grunt_ice, layout_shoals, serial_shops, shop,
          nicolae_shop_unique_rings, ldierk_geyser, uniq_polyphemus, uniq_aizul
Spider:1: layout_chambers, nicolae_spider_paper_wasps
Spider:2: layout_chambers, portal_ice_cave_entry_ugly_swarm, ebering_ghost_xom
Spider:3: layout_cave_pods, spiders_nest_hornet_nest
Spider:4: grunt_spider_rune_island
Slime:1:  layout_caves, nicolae_slime_getting_an_eyeful
Slime:2:  layout_caves, nicolae_slime_crime_time
Slime:3:  layout_caves
Slime:4:  layout_caves, special_room [special_room_jelly], uniq_dissolution
Slime:5
Orc:1:    layout_caves, elves_outpost_lemuel
Orc:2:    st_orc_town, layout_caves, basic_altar, nicolae_shop_self_help
Elf:1:    elf_arrival_002, layout_rooms, minmay_elf_necromancy,
          grunt_ministairs_1, st_stairs_9
Elf:2:    elven_hall_of_blades_hangedman_alternative
          [nicolae_blade_entry_pointy_end], layout_onion_city, drop_trap,
          lemuel_upstairs_altar
Elf:3:    minmay_elf_hall_circle, layout_geoelf_diagonals
Vaults:1: nicolae_vaults_storage_closets_1, nicolae_vaults_house_2,
          vaults_room_fancy_cross, v_misc_25, nicolae_vaults_diagonal_hallway_9,
          v_misc_5, vaults_dpeg_encased_lava, nicolae_vaults_trapezoid_2,
          nicolae_vaults_trapezoid_2, nicolae_vaults_little_ls,
          nicolae_vaults_double_plus_2, ontoclasm_vaults_ring_large,
          nicolae_vaults_sightless_eye, ontoclasm_vaults_gallery,
          nicolae_vaults_sesquioval_fish, ontoclasm_vaults_pinch,
          vaults_room_ringed_pool, vaults_dpeg_emergency_exit,
          layout_vaults_omnibox
Vaults:2: v_misc_5, v_alt_pattern_4, v_misc_23, nicolae_vaults_wrenched,
          nicolae_vaults_double_plus_2, vaults_room_fours,
          nicolae_vaults_trapezoid_lopsided_1, hangedman_vaults_trim, v_misc_19,
          nicolae_vaults_little_squares_3, nicolae_vaults_diagonal_hallway_8,
          nicolae_vaults_trapezoid_2, nicolae_vaults_two_Ls,
          nicolae_vaults_apartment_1, layout_vaults_omnicross, uniq_frederick
Vaults:3: minmay_crypt_entry_simple_statues, nicolae_vaults_closet_pinwheel_3,
          nicolae_vaults_cornered_office, nicolae_vaults_closet_pinwheel_2,
          v_pattern_1, nicolae_vaults_variable_pillar_hall,
          grunt_vaults_hallway_short, nicolae_vaults_little_squares_4,
          nicolae_vaults_mini_display_case, layout_vaults_omnigrid, uniq_boris,
          uniq_nikola, uniq_xtahua
Vaults:4: nicolae_vaults_two_Ls, nicolae_vaults_alarming,
          nicolae_vaults_taking_the_gang_shopping,
          nicolae_vaults_trapezoid_lopsided_2,
          nicolae_vaults_security_offices_3, v_misc_8,
          nicolae_vaults_closet_pinwheel_6, grunt_vaults_hallway_short,
          nicolae_vaults_bisected_slash, hangedman_vaults_capsules,
          nicolae_vaults_three_branches, nicolae_vaults_tangram_1,
          nicolae_vaults_trapezoid_lopsided_1, layout_vaults_ring, uniq_mennas
Vaults:5
Crypt:1:  layout_chaotic_city, st_stairs_12, nicolae_crypt_twisting_catacombs,
          grunt_megastairs_3, grunt_crypt_arrival_split, uniq_josephina
Crypt:2:  layout_misc_corridors, gammafunk_ghost_arena, minmay_misc_feat_cross,
          minmay_misc_feat_hallway, nicolae_elevator_lobby_asterisk,
          grunt_megastairs_2
Crypt:3:  david_glass_crypt, layout_rooms, tomb_entry_shell_bobbens,
          infiniplex_enter_wizlab_glasses
Depths:1: layout_gridville, wad_floor_pattern_1, grunt_hell_entry_dis_old,
          rand_demon_pan_entry_7, hex_large, minmay_misc_feat_encased,
          grunt_decor_arrowhead, uniq_sojobo
Depths:2: minmay_curly_fans, layout_gridville, rand_demon_pan_entry_3,
          hell_entry, hangedman_decor_peaks_small, ashenzari_altar_1
Depths:3: regret_index_uskayaw_diablada_macabre, layout_gridlike,
          enter_ziggurat_e, lightli_too_deep,
          nicolae_abyss_entry_one_way_or_another, minivault_14,
          minmay_misc_feat_tiny, nicolae_yredelemnul_corpse_copse,
          minmay_staircase_bubble, uniq_parghit
Depths:4: grunt_zot_entry_tricorne, layout_cave_shapes, hangedman_geh_valley,
          minmay_shop_star, uniq_grunn
Hell
Zot:1:    layout_basic

Skill      XL: |  1  2  3  4  5  6  7  8  9 10 11 12 13 14 15 16 17 18 19 20 21 22 23 24 25 26 27 |
---------------+----------------------------------------------------------------------------------+-----
Fighting       | 1 2 3 4 5 6 7 8 9 10 11 12 13 14 15 16 17 18 | 18.5
Short Blades   | 2 3 4 5 6 8 9 10 11 12 13 14 | 14.0
Dodging        | 3 4 5 6 7 8 9 10 11 12 13 14 15 16 17 18 19 20 | 20.0
Stealth        | 5 6 7 8 9 10 11 12 14 15 16 17 18 19 20 21 22 23 | 23.4
Spellcasting   | 3 4 5 6 7 8 9 10 11 12 13 14 15 16 17 | 17.1
Hexes          | 4 5 6 7 8 9 10 11 12 13 14 15 16 17 | 17.3
Throwing       | 2 4 5 7 |  7.9
Armour         | 2 3 4 5 6 7 8 |  8.8
Evocations     | 1 4 6 7 9 12 13 | 13.8
Transmutations | 3 4 6 7 8 12 15 | 15.3
Air Magic      | 3 4 |  4.8
Earth Magic    | 3 4 |  4.7
Shields        | 3 6 9 |  9.7
Necromancy     | 2 9 13 | 13.2

Action                     |  1- 3 |  4- 6 |  7- 9 | 10-12 | 13-15 | 16-18 | 19-21 | 22-24 | 25-27 || total
---------------------------+-------+-------+-------+-------+-------+-------+-------+-------+-------++-------
  Melee: Dagger            |    91 |    91 |   264 |    44 |     2 |       |       |       |       ||   492
         Punch             |       |       |     6 |    11 |    17 |     9 |    30 |    46 |       ||   119
         Short sword       |       |       |       |   465 |       |       |       |       |       ||   465
         Rapier            |       |       |       |    65 |   933 |   519 |   689 |       |       ||  2206
         Headbutt          |       |       |       |       |   213 |   133 |   318 |    95 |       ||   759
         Kick              |       |       |       |       |   137 |    47 |    56 |    18 |       ||   258
         Bite              |       |       |       |       |       |       |   121 |   233 |       ||   354
         Quick blade       |       |       |       |       |       |       |   462 |  1853 |  3463 ||  5778
  Throw: Dart              |       |       |       |     2 |    17 |     6 |     5 |       |       ||    30
   Cast: Ensorcelled Hiber |       |    10 |    36 |    71 |    41 |    80 |    19 |     5 |     3 ||   265
         Confusing Touch   |       |     1 |    19 |    18 |    50 |    48 |     9 |     1 |       ||   146
         Dazzling Flash    |       |       |     2 |     3 |    42 |    25 |    28 |    22 |       ||   122
         Tukima's Dance    |       |       |       |     5 |     7 |       |    15 |     4 |       ||    31
         Silence           |       |       |       |       |       |     1 |     1 |     2 |     3 ||     7
         Yara's Violent Un |       |       |       |       |       |       |    15 |    44 |    41 ||   100
         Petrify           |       |       |       |       |       |       |     1 |       |    31 ||    32
         Enfeeble          |       |       |       |       |       |       |       |   117 |   234 ||   351
         Apportation       |       |       |       |       |       |       |       |       |     1 ||     1
Ability: Evoke Invisibilit |       |       |       |       |       |       |     1 |     1 |     2 ||     4
         Evoke Blink       |       |       |       |       |       |       |       |     8 |     1 ||     9
  Evoke: Wand              |       |       |     7 |     1 |       |       |    10 |     1 |     9 ||    28
         Phantom mirror    |       |       |       |       |     1 |       |       |     1 |       ||     2
    Use: Scroll            |       |     3 |     4 |    15 |    13 |    10 |     5 |     8 |    16 ||    74
         Potion            |       |       |       |     2 |     5 |     3 |     5 |    23 |    11 ||    49
   Stab: Sleeping          |    14 |    28 |    35 |    68 |    64 |   124 |    96 |    66 |    68 ||   563
         Distracted        |     1 |       |     1 |     8 |    13 |     2 |    11 |     2 |    19 ||    57
         Confused          |       |     1 |    17 |    21 |    47 |    29 |     7 |    10 |    11 ||   143
         Paralysed         |       |       |     3 |       |     5 |       |       |       |     3 ||    11
         Invisible         |       |       |     4 |     3 |    40 |    21 |    38 |   131 |   198 ||   435
         Petrifying        |       |       |       |     2 |       |       |       |     2 |    23 ||    27
         Petrified         |       |       |       |     1 |     4 |       |       |       |    13 ||    18
 Armour: Robe              |    13 |     3 |    12 |    12 |       |       |       |       |       ||    40
         Steam dragon scal |       |       |       |    34 |     9 |       |       |       |       ||    43
         Troll leather arm |       |       |       |       |   127 |    79 |   133 |   215 |    99 ||   653
         Skin              |       |       |       |       |       |       |       |     6 |       ||     6
         Ring mail         |       |       |       |       |       |       |       |       |   326 ||   326
  Dodge: Dodged            |    65 |    35 |   163 |   384 |   968 |   405 |   790 |  1077 |  1520 ||  5407
  Block: Other             |       |       |       |       |    90 |    40 |       |       |       ||   130
         Buckler           |       |       |       |       |       |       |       |    74 |   762 ||   836
         Reflection        |       |       |       |       |       |       |       |     2 |     6 ||     8
